 Dungeon Crawl Stone Soup version 0.25-a0-410-g53dbb63 (webtiles) character file.

Game seed: 12051833757498826430, levelgen mode: deterministic

14601864 Birdy the Intangible (level 27, 224/224 HPs)
             Began as a Vampire Gladiator on Jan 11, 2020.
             Was a High Priest of Wu Jian.
             Escaped with the Orb
             ... and 15 runes on Jan 14, 2020!
             The game lasted 12:55:10 (113061 turns).

Birdy the Intangible (Vampire Gladiator)          Turns: 113061, Time: 12:55:11

Health: 224/224    AC: 50    Str: 29    XL:     27
Magic:  54/54      EV: 44    Int: 19    God:    Wu Jian [*****.]
Gold:   16699      SH: 37    Dex: 33    Spells: 6/80 levels left

rFire    + + +     SeeInvis +   a - +7 Singing Sword {slice, sonic wave}
rCold    + + +     Gourm    .   G - +8 large shield {reflect}
rNeg     + + +     Faith    .   p - +10 pearl dragon scales
rPois    ∞         Spirit   .   P - +0 helmet "Nomi Vec" {rF+ MR++ Int+3}
rElec    +         Reflect  +   w - +1 cloak of Starlight {rElec rC+ EV+4 Stlth--}
rCorr    .         Harm     +   B - +2 pair of gloves of the Sailor {MR+ Str+2 Dex+4}
MR       +++++                  M - +2 pair of boots of the Assassin {Detection Stab+ Stlth++}
Stlth    ++++......             e - amulet "Ussasin" {Harm *Drain Fragile rC+ MR+ Int+3}
HPRegen  0.47/turn              R - ring "Yghaum" {rF- rC++ rN+ Str+2 Dex+10}
MPRegen  0.34/turn              q - ring of Neurosis {+Blink rF+++ EV+2 Str+6 Int-3}

@: bloodless, deflect missiles
A: no food, fangs 3, icy blue scales 1, yellow scales 1, see invisible, clever
1, fire resistance 1, robust 1, unbreathing, subdued magic 1
0: Orb of Zot
}: 15/15 runes: decaying, slimy, silver, golden, iron, obsidian, icy, bone,
abyssal, demonic, glowing, magical, fiery, dark, gossamer
a: Bat Form, Revivify, Wall Jump, Serpent's Lash, Heavenly Storm, Renounce
Religion, Evoke Blink


You escaped.
You worshipped Wu Jian.
Wu Jian was extremely pleased with you.
You were bloodless.

You visited 18 branches of the dungeon, and saw 89 of its levels.
You visited Pandemonium 1 time, and saw 26 of its levels.
You visited the Abyss 3 times.
You visited 1 bazaar.
You completed 4 ziggurats, and saw 108 of their levels.
You also visited: Ossuary and Ice Cave.

You collected 20990 gold pieces.
You spent 4291 gold pieces at shops.

Inventory:

Hand Weapons
 a - the +7 Singing Sword (weapon) {slice, sonic wave}
   (You found it on level 5 of the Dungeon)

   It inflicts extra damage upon your enemies.
Armour
 p - +10 pearl dragon scales (worn)
 w - the +1 cloak of Starlight (worn) {rElec rC+ EV+4 Stlth--}
   (You found it on level 25 of a ziggurat)

   It affects your evasion (+4).
   It protects you from cold.
   It insulates you from electricity.
   It makes you much less stealthy.
 B - the +2 pair of gloves of the Sailor (worn) {MR+ Str+2 Dex+4}
   (You acquired it on level 8 of a ziggurat)

   It affects your strength (+2).
   It affects your dexterity (+4).
   It affects your resistance to hostile enchantments.
 G - a +8 large shield of reflection (worn)
 M - the +2 pair of boots of the Assassin (worn) {Detection Stab+ Stlth++}
   (You found it on level 15 of a ziggurat)

   It makes you much more stealthy.
 P - the +0 helmet "Nomi Vec" (worn) {rF+ MR++ Int+3}
   (You found it on level 13 of a ziggurat)

   It affects your intelligence (+3).
   It protects you from fire.
   It affects your resistance to hostile enchantments.
Jewellery
 e - the amulet "Ussasin" (around neck) {Harm *Drain Fragile rC+ MR+ Int+3}
   (You found it on level 7 of a ziggurat)

   [amulet of harm]

   It increases damage dealt and taken.
   It affects your intelligence (+3).
   It protects you from cold.
   It affects your resistance to hostile enchantments.
   It causes draining when unequipped.
   It will be destroyed if unequipped.
 q - the ring of Neurosis (right hand) {+Blink rF+++ EV+2 Str+6 Int-3}
   (You took it off a tengu reaver on level 5 of the Vaults)

   [ring of evasion]

   It affects your evasion (+2).
   It affects your strength (+6).
   It affects your intelligence (-3).
   It renders you almost immune to fire.
   It lets you blink.
 R - the ring "Yghaum" (left hand) {rF- rC++ rN+ Str+2 Dex+10}
   (You found it on level 27 of a ziggurat)

   [ring of strength]

   It affects your strength (+2).
   It affects your dexterity (+10).
   It makes you vulnerable to fire.
   It greatly protects you from cold.
   It protects you from negative energy.
Wands
 y - a wand of digging (6)
Scrolls
 b - 17 scrolls of amnesia
 i - 2 scrolls of brand weapon
 j - 2 scrolls of identify
 l - 33 scrolls of blinking
 m - 82 scrolls of remove curse
 n - 5 scrolls of magic mapping
 o - a scroll of enchant weapon
 t - 9 scrolls of enchant armour
 u - 58 scrolls of fog
 x - 16 scrolls of silence
 A - 77 scrolls of teleportation
Potions
 d - 6 potions of brilliance
 f - 16 potions of flight
 g - 10 potions of haste
 h - 16 potions of curing
 C - a potion of heal wounds
 D - 6 potions of magic
 E - 3 potions of invisibility
 F - 2 potions of resistance
 I - 5 potions of cancellation
 J - a potion of mutation
Miscellaneous
 c - 2 +4 figurines of a ziggurat (quivered)
 T - 20 phantom mirrors


   Skills:
 O Level 27 Fighting
 O Level 27 Long Blades
 - Level 1.5 Throwing
 O Level 27 Armour
 O Level 27 Dodging
 O Level 27 Stealth
 O Level 27 Shields
 - Level 6.8 Unarmed Combat
 O Level 27 Spellcasting
 O Level 27 Conjurations
 O Level 27 Hexes
 O Level 27 Charms
 O Level 27 Summonings
 - Level 19.6 Translocations
 O Level 27 Transmutations
 O Level 27 Fire Magic
 O Level 27 Air Magic
 + Level 24.9 Earth Magic
 - Level 19.5 Poison Magic


You had 6 spell levels left.
You knew the following spells:

 Your Spells              Type           Power        Failure   Level  Hunger
a - Leda's Liquefaction   Hex/Erth       #######...   0%          4    N/A
b - Song of Slaying       Chrm           #######.     0%          2    N/A
c - Discord               Hex            #######...   1%          8    N/A
d - Darkness              Hex            #######...   0%          6    N/A
e - Invisibility          Hex            #######.     0%          6    N/A
f - Eringya's Noxious Bo  Tmut/Pois      ######....   0%          6    N/A
g - Deflect Missiles      Chrm/Air       #######...   0%          6    N/A
h - Passage of Golubria   Tloc           N/A          0%          4    N/A
i - Aura of Abjuration    Summ           #######...   0%          5    N/A
j - Tornado               Air            #######...   2%          9    N/A
k - Ring of Flames        Chrm/Fire      #######...   0%          7    N/A
l - Fire Storm            Conj/Fire      #######...   2%          9    N/A
m - Passwall              Tmut/Erth      #######.     0%          2    N/A

Your spell library contained the following spells:

 Spells                   Type           Power        Failure   Level  Hunger
 Apportation              Tloc           ######       0%          1    N/A
 Beastly Appendage        Tmut           ######       0%          1    N/A
 Corona                   Hex            #######      0%          1    N/A
 Foxfire                  Conj/Fire      ####         0%          1    N/A
 Infusion                 Chrm           ####         0%          1    N/A
 Magic Dart               Conj           ####         0%          1    N/A
 Sandblast                Erth           ######       0%          1    N/A
 Shock                    Conj/Air       ####         0%          1    N/A
 Sting                    Tmut/Pois      ####         0%          1    N/A
 Summon Butterflies       Summ           #######.     0%          1    N/A
 Summon Small Mammal      Summ           ####         0%          1    N/A
 Blink                    Tloc           N/A          0%          2    N/A
 Call Imp                 Summ           #######.     0%          2    N/A
 Corpse Rot               Necr/Air       N/A          0%          2    N/A
 Ensorcelled Hibernation  Hex/Ice        ######       0%          2    N/A
 Poisonous Vapours        Pois/Air       ######       0%          2    N/A
 Searing Ray              Conj           ######       0%          2    N/A
 Shroud of Golubria       Chrm/Tloc      ######       0%          2    N/A
 Slow                     Hex            #######.     0%          2    N/A
 Sticks to Snakes         Tmut           #######.     0%          2    N/A
 Swiftness                Chrm/Air       #######.     0%          2    N/A
 Call Canine Familiar     Summ           #######.     0%          3    N/A
 Confusing Touch          Hex            #######.     0%          3    N/A
 Conjure Flame            Conj/Fire      #######.     0%          3    N/A
 Dazzling Flash           Conj/Hex       ######       0%          3    N/A
 Gell's Gravitas          Tloc           ######....   0%          3    N/A
 Ignite Poison            Fire/Tmut/Pois ######..     0%          3    N/A
 Inner Flame              Hex/Fire       #######.     0%          3    N/A
 Lesser Beckoning         Tloc           ######....   0%          3    N/A
 Mephitic Cloud           Conj/Pois/Air  ######..     0%          3    N/A
 Ozocubu's Armour         Chrm/Ice       ######..     0%          3    N/A
 Portal Projectile        Hex/Tloc       ######       0%          3    N/A
 Recall                   Summ/Tloc      N/A          0%          3    N/A
 Spectral Weapon          Hex/Chrm       #######.     0%          3    N/A
 Spider Form              Tmut/Pois      ######....   0%          3    N/A
 Static Discharge         Conj/Air       #######.     0%          3    N/A
 Stone Arrow              Conj/Erth      ######       0%          3    N/A
 Summon Guardian Golem    Hex/Summ       #######.     0%          3    N/A
 Teleport Other           Tloc           ######..     0%          3    N/A
 Tukima's Dance           Hex            #######.     0%          3    N/A
 Airstrike                Air            #######...   0%          4    N/A
 Cause Fear               Hex            #######...   0%          4    N/A
 Fulminant Prism          Conj/Hex       #######...   0%          4    N/A
 Iskenderun's Mystic Bla  Conj/Tloc      ######..     0%          4    N/A
 Olgreb's Toxic Radiance  Pois           ######..     0%          4    N/A
 Petrify                  Tmut/Erth      #######.     0%          4    N/A
 Sticky Flame             Conj/Fire      #######.     0%          4    N/A
 Summon Lightning Spire   Summ/Air       #######.     0%          4    N/A
 Alistair's Intoxication  Tmut/Pois      ######..     0%          5    N/A
 Blade Hands              Tmut           #######...   0%          5    N/A
 Bolt of Magma            Conj/Fire/Erth #######...   0%          5    N/A
 Fireball                 Conj/Fire      #######...   0%          5    N/A
 Irradiate                Conj/Tmut      #######...   0%          5    N/A
 Iskenderun's Battlesphe  Conj/Chrm      #######.     0%          5    N/A
 Lee's Rapid Deconstruct  Erth           #######...   0%          5    N/A
 Lightning Bolt           Conj/Air       #######...   0%          5    N/A
 Silence                  Hex/Air        #######...   0%          5    N/A
 Summon Demon             Summ           #######...   0%          5    N/A
 Summon Forest            Summ/Tloc      ######....   0%          5    N/A
 Summon Mana Viper        Hex/Summ       #######.     0%          5    N/A
 Yara's Violent Unravell  Hex/Tmut       #######...   0%          5    N/A
 Conjure Ball Lightning   Conj/Air       #######...   0%          6    N/A
 Hydra Form               Tmut           #######...   0%          6    N/A
 Iron Shot                Conj/Erth      #######...   0%          6    N/A
 Shadow Creatures         Summ           N/A          0%          6    N/A
 Starburst                Conj/Fire      #######...   0%          6    N/A
 Statue Form              Tmut/Erth      #######..    0%          6    N/A
 Animate Skeleton         Necr           N/A          1%          1    N/A
 Freeze                   Ice            ###.         1%          1    N/A
 Pain                     Necr           ###.         1%          1    N/A
 Sublimation of Blood     Necr           ###.......   1%          2    N/A
 Hailstorm                Conj/Ice       ######..     1%          4    N/A
 Ice Form                 Ice/Tmut       ######..     1%          4    N/A
 Summon Ice Beast         Ice/Summ       ######..     1%          4    N/A
 Borgnjor's Vile Clutch   Necr/Erth      ######....   1%          5    N/A
 Excruciating Wounds      Chrm/Necr      ######....   1%          5    N/A
 Metabolic Englaciation   Hex/Ice        ######....   1%          5    N/A
 Dispersal                Tloc           ######....   1%          6    N/A
 Freezing Cloud           Conj/Ice/Air   ######....   1%          6    N/A
 Vampiric Draining        Necr           ###.......   4%          3    N/A
 Animate Dead             Necr           N/A          16%         4    N/A
 Dispel Undead            Necr           ###.....     16%         4    N/A
 Agony                    Necr           ###.....     41%         5    N/A
 Death Channel            Necr           ###.......   95%         6    N/A
 Ozocubu's Refrigeration  Ice            ###.......   95%         6    N/A
 Simulacrum               Ice/Necr       ###.......   95%         6    N/A
 Dragon Form              Tmut           #######...   0%          7    N/A
 Monstrous Menagerie      Summ           #######...   0%          7    N/A
 Orb of Destruction       Conj           #######...   0%          7    N/A
 Spellforged Servitor     Conj/Summ      #######...   0%          7    N/A
 Summon Greater Demon     Summ           #######...   0%          7    N/A
 Summon Hydra             Summ           #######...   0%          7    N/A
 Malign Gateway           Summ/Tloc      ######....   1%          7    N/A
 Chain Lightning          Conj/Air       #######...   1%          8    N/A
 Ignition                 Fire           #######...   1%          8    N/A
 Lehudib's Crystal Spear  Conj/Erth      #######...   1%          8    N/A
 Summon Horrible Things   Summ           #######...   1%          8    N/A
 Dragon's Call            Summ           #######...   2%          9    N/A
 Controlled Blink         Tloc           N/A          3%          8    N/A
 Disjunction              Tloc           ######....   3%          8    N/A
 Haunt                    Necr/Summ      ######....   4%          7    N/A
 Shatter                  Erth           #######...   5%          9    N/A
 Infestation              Necr           ###.......   100%        8    N/A
 Glaciate                 Conj/Ice       ######....   100%        9    N/A
 Death's Door             Chrm/Necr      Unusable     N/A         8    N/A
 Necromutation            Tmut/Necr      Unusable     N/A         8    N/A
 Borgnjor's Revivificati  Necr           Unusable     N/A         8    N/A

Dungeon Overview and Level Annotations

Branches:
Dungeon (15/15)            Temple (1/1) D:4            Lair (6/6) D:9
  Swamp (4/4) Lair:3       Spider (4/4) Lair:3        Slime (5/5) Lair:6
    Orc (2/2) D:11            Elf (3/3) Orc:2        Vaults (5/5) D:13
  Crypt (3/3) Vaults:2       Tomb (3/3) Crypt:3      Depths (5/5) D:15
   Hell (visited)             Dis (7/7) Hell            Geh (7/7) Hell
    Coc (7/7) Hell            Tar (7/7) Hell            Zot (5/5) Depths:5
Ossuary (visited)           IceCv (visited)

Altars:
Ashenzari
Cheibriados
Dithmenos
Elyvilon
Fedhas
Gozag
Hepliaklqana
Kikubaaqudgha
Makhleb
Nemelex Xobeh
Okawaru
Qazlal
Ru
Sif Muna
Trog
Uskayaw
Vehumet
Wu Jian
Xom
Yredelemnul
Zin
The Shining One
Beogh
Lugonu

Shops:
D:7 [   D:14 [?   Orc:2 %[((?   Vaults:4 *   Depths:2 *(   Depths:4 }*}%
Depths:5 ==}

Portals:
Hell: Depths:1 Depths:2 Depths:3 Depths:4 Depths:5
Abyss: Depths:1 Depths:2 Depths:4 Depths:5
Pandemonium: Depths:3 Depths:4

Annotations:
D:2 2 transporters


Innate Abilities, Weirdness & Mutations

You do not eat.
You do not regenerate when monsters are visible.
You are frail without blood (-20% HP).
You can heal yourself when you bite living creatures.
You are immune to poison.
You have razor-sharp teeth.
You have supernaturally acute eyesight. (SInv)
You can survive without breathing.
You are partially covered in icy blue scales. (AC +2)
You are partially covered in yellow scales. (AC +2)
Your mind is acute. (Int +2)
Your flesh is heat resistant. (rF+)
You are robust. (+10% HP)
Your spells are a little easier to cast, but a little less powerful.


Message History

You see here the +0 staff of Battle.
There is a staircase leading out of the dungeon here.
Quiver which item? (- for none, * to show all) (? for menu, Esc to quit)
Okay, then.
Okay, then.
You see here the +4 robe of Augmentation {Str+4 Int+4 Dex+4}.
There is a staircase leading out of the dungeon here.
You see here the +7 captain's cutlass {speed, disarm}.
You see here the +9 sword of Zonguldrok {reap}.
You see here the +2 Maxwell's thermic engine {flame, freeze}.
You see here the +5 demon whip "Spellbinder" {antimagic, MR+}.
You see here the +2 Maxwell's thermic engine {flame, freeze}.
You see here the +8 demon trident "Rift" {distort, reach+}.
You see here the +5 scythe "Finisher" {speed, eviscerate}.
You see here the +0 staff of Battle.
There is a staircase leading out of the dungeon here.
Quiver which item? (- for none, * to show all) (? for menu, Esc to quit)
Quivering
c - 2 +4 figurines of a ziggurat for throwing.
Okay, then.
You have escaped!

#.## #..# ##.##
#..#
##.########
#.∩.∩....###
#))))))[[..#
####)))))[[[..#
#.[#))))@[[[..#
#.##)))))[["".#
#...)))))"="=.#
####.#........#
#.#.#........#
#...#........#
##############


There were no monsters in sight!

Vanquished Creatures
  Cerebov (Pan)
  Antaeus (Coc:7)
  Asmodeus (Geh:7)
  the Royal Jelly (Slime:5)
  Ereshkigal (Tar:7)
  Gloorx Vloq (Pan)
  A seraph (D:11)
  the Serpent of Hell (Geh:7)
  Lom Lobon (Pan)
  Dispater (Dis:7)
  Mnoleg (Pan)
  35 ancient liches
  18 orbs of fire
  Mennas (Depths:4)
  6 juggernauts
  Sojobo (Vaults:4)
  96 greater mummies
  Boris (twice) (Depths:5 Crypt:1)
  21 Killer Klowns
  Frederick (Vaults:4)
  Xtahua (Depths:5)
  17 shard shrikes
  2 curse toes
  Bai Suzhen (Crypt:2)
  2 caustic shrikes
  Geryon (Hell)
  A golden dragon (shapeshifter) (Zig:26)
  96 golden dragons
  8 profane servitors
  13 iron giants
  42 bone dragons
  13 pearl dragons
  7 doom hounds
  33 Brimstone Fiends
  Jorgrun (D:12)
  A shard shrike zombie (Crypt:1)
  36 Tzitzimimeh
  8 electric golems
  6 hellephants
  59 pandemonium lords
  70 tentacled monstrosities
  52 Ice Fiends
  52 Hell Sentinels
  Asterion (Elf:3)
  18 titans
  28 deep elf blademasters
  25 Orb Guardians (Zot:5)
  48 liches
  30 quicksilver dragons
  97 acid blobs
  25 deep elf master archers
  19 sphinxes
  54 Executioners
  3 eldritch tentacles
  18 tengu reavers
  4 death cobs
  19 thorn hunters
  A sphinx (shapeshifter) (Zig:26)
  41 ancient champions
  28 storm dragons
  A kraken (Abyss:5)
  56 tentacled starspawn
  2 shadow dragons (shapeshifter) (Zig:26)
  A storm dragon (shapeshifter) (Zig:26)
  Kirke (Lair:6)
  41 azure jellies
  Donald (Vaults:2)
  31 shadow dragons
  26 draconian monks
  A fire giant (shapeshifter) (Zig:1)
  30 warmongers
  16 daevas
  93 nagarajas
  23 revenants
  31 fire giants
  A frost giant (shapeshifter) (Zig:26)
  18 frost giants
  87 balrugs
  14 deep elf sorcerers
  25 black suns
  19 vault wardens
  46 orc warlords
  17 curse skulls
  Louise (Depths:4)
  31 draconian scorchers
  22 iron dragons
  6 juggernaut zombies
  34 draconian knights
  27 ghost moths
  18 emperor scorpions
  6 caustic shrike zombies
  24 draconian shifters
  13 deep elf elementalists
  18 draconian stormcallers
  12 ghouls
  83 reapers
  23 angels
  51 cacodemons
  37 stone giants
  A spriggan defender (Depths:4)
  21 ironheart preservers
  3 elemental wellsprings (Coc:7)
  35 draconian annihilators
  5 ophanim
  16 war gargoyles
  Nessos (Lair:6)
  43 bennus
  41 blood saints
  22 vampire knights
  8 caustic shrike skeletons
  37 very ugly things
  38 deep elf demonologists
  10 entropy weavers
  6 juggernaut skeletons
  10 apis
  A stone giant (shapeshifter) (Depths:2)
  14 yellow draconians
  34 deep elf annihilators
  18 red draconians
  44 corrupters
  27 purple draconians
  22 green draconians
  2 dire elephants
  18 lorocyprocas
  18 white draconians
  25 black draconians
  13 spark wasps
  Snorg (Orc:1)
  21 merfolk impalers
  69 blizzard demons
  17 ettins
  13 deep elf death magi
  5 quicksilver dragon zombies
  35 eidola
  31 merfolk javelineers
  7 jiangshi
  An ettin (shapeshifter) (Zig:26)
  145 green deaths
  The ghost of drock42 the Fighter, a journeyman DsGl of Okawaru (D:12)
  78 mummy priests
  11 death oozes
  21 great orbs of eyes
  7 crystal guardians
  Harold (D:11)
  14 ogre magi
  32 deep elf high priests
  33 yaktaur captains
  44 fire dragons
  Fannar (D:10)
  97 hydras
  24 rakshasas
  43 vault guards
  14 monstrous demonspawn
  A juggernaut simulacrum (Zig:23)
  37 harpies
  42 ice dragons
  16 naga warriors
  66 shambling mangroves
  22 hell beasts
  2 kraken zombies
  14 spriggan air magi
  A hydra (shapeshifter) (Vaults:5)
  7 quicksilver dragon skeletons
  17 ghost crabs
  17 anacondas
  8 death knights
  14 satyrs
  2 alligator snapping turtles (Zig:27)
  5 merfolk avatars
  12 centaur warriors
  2 catoblepae
  An anaconda (shapeshifter) (Zig:27)
  63 dancing weapons
  34 alligators
  An alligator snapping turtle (shapeshifter) (Zig:26)
  56 merfolk aquamancers
  20 two-headed ogres
  5 tengu warriors
  2 two-headed ogres (shapeshifter)
  An alligator (shapeshifter) (Zig:4)
  30 naga sharpshooters
  A death yak (Zig:10)
  20 vampire magi
  58 death scarabs
  A deep troll shaman (Depths:4)
  4 deep troll earth magi
  79 sun demons
  43 thrashing horrors
  18 titan zombies
  46 orc high priests
  6 spriggan berserkers
  6 holy swine (Pan)
  22 hell hogs
  32 shock serpents
  8 storm dragon zombies
  102 soul eaters
  34 hell knights
  Sonja (Lair:2)
  7 iron golems
  Nergalle (Orc:1)
  40 deep elf knights
  39 spatial maelstroms
  7 titan skeletons
  65 wretched stars
  40 sixfirhies
  120 skeletal warriors
  5 salamander mystics
  32 iron trolls
  13 shadow wraiths
  3 fire crabs (shapeshifter)
  3 deep trolls
  6 fire crabs
  A sea snake (shapeshifter) (Zig:26)
  20 torturous demonspawn
  33 sea snakes
  68 swamp dragons
  42 shadow demons
  11 storm dragon skeletons
  6 golden dragon zombies
  79 small abominations
  14 gelid demonspawn
  60 death drakes
  33 glowing orange brains
  43 deep elf archers
  32 flayed ghosts
  2 unseen horrors (shapeshifter)
  9 infernal demonspawn
  8 unseen horrors
  15 wizards
  10 cherubim
  30 ironbrand convokers
  9 shadow dragon zombies
  3 ghost moth zombies
  18 spriggan druids
  9 anaconda skeletons
  9 anaconda zombies
  20 orange crystal statues
  14 naga ritualists
  109 starcursed masses
  9 obsidian statues
  3 lindwurms (Swamp:4)
  A glowing orange brain (shapeshifter) (Zig:27)
  12 iron dragon zombies
  4 wolf spider zombies
  102 deep elf magi
  50 phantasmal warriors
  24 orc knights
  9 stone giant zombies
  51 wolf spiders
  32 necromancers
  A harpy (shapeshifter) (Vaults:4)
  218 large abominations
  33 orb spiders
  15 mana vipers
  10 worldbinders
  6 sphinx zombies
  7 golden dragon skeletons
  8 shadow dragon skeletons
  21 shining eyes
  45 orc sorcerers
  A moth of wrath (shapeshifter) (Zig:12)
  6 sphinx skeletons
  21 manticores
  7 tengu skeletons
  39 ugly things
  A manticore (shapeshifter) (Zig:27)
  2 orb spiders (shapeshifter) (Zig:27)
  16 fauns
  11 frost giant zombies
  13 oklob plants
  10 spriggan zombies
  A toenail golem (Pan)
  30 guardian serpents
  7 salamanders
  26 ice statues
  17 cyclopes
  3 elephants (Lair:3)
  43 rust devils
  6 fire giant zombies
  45 naga magi
  57 moths of wrath
  5 fire giant skeletons
  Joseph (D:10)
  10 frost giant skeletons
  6 stone giant skeletons
  6 iron dragon skeletons
  5 dire elephant zombies
  24 apocalypse crabs
  91 smoke demons
  3 shock serpent zombies
  A guardian serpent (shapeshifter) (Zig:26)
  11 merfolk sirens
  62 water nymphs
  25 vault sentinels
  5 spriggan skeletons
  10 molten gargoyles
  An elephant (shapeshifter) (Zig:27)
  13 eyes of devastation
  61 black mambas
  43 spiny frogs
  3 titan simulacra
  73 hellions
  59 orange demons
  5 gargoyles
  9 torpor snails
  8 komodo dragons
  5 storm dragon simulacra
  A kobold demonologist (Abyss:1)
  5 dire elephant skeletons
  29 efreet
  A redback zombie (Crypt:1)
  2 yaktaurs (shapeshifter)
  70 freezing wraiths
  Maggie (Lair:4)
  11 rime drakes
  An alligator snapping turtle skeleton (Crypt:2)
  52 demonic crawlers
  19 elf skeletons
  67 yaktaurs
  48 ice devils
  2 golden dragon simulacra (IceCv)
  A catoblepas skeleton (Crypt:1)
  61 tormentors
  123 guardian mummies
  50 hellwings
  5 anaconda simulacra
  A pale draconian skeleton (Crypt:1)
  126 merfolk
  60 red devils
  7 meliai
  16 hydra zombies
  3 tengu conjurers
  A purple draconian skeleton (Crypt:2)
  42 jumping spiders
  8 silent spectres
  15 trolls
  51 ancient zymes
  6 human skeletons
  A meliai (shapeshifter) (Vaults:3)
  2 wolf spider simulacra (IceCv)
  A polar bear (shapeshifter) (Depths:2)
  A troll (shapeshifter) (Depths:2)
  A queen bee (Spider:3)
  A tengu simulacrum (Zig:14)
  A tyrant leech (shapeshifter) (Zig:26)
  A harpy skeleton (Geh:3)
  4 harpy zombies
  26 wind drakes
  25 tyrant leeches
  160 hornets
  5 polar bears
  6 hippogriffs
  8 hydra skeletons
  7 fire dragon zombies
  2 hornets (shapeshifter)
  A sphinx simulacrum (Zig:17)
  28 bog bodies
  2 fire giant simulacra
  72 raiju
  A dream sheep (shapeshifter) (Vaults:4)
  A blink frog (shapeshifter) (Elf:1)
  A snapping turtle (shapeshifter) (Zig:12)
  A slime creature (shapeshifter) (Zig:12)
  94 slime creatures
  3 dream sheep
  8 alligator zombies
  34 blink frogs
  8 ice dragon zombies
  An iron dragon simulacrum (Zig:17)
  13 snapping turtles
  3 black mamba zombies
  2 hippogriffs (shapeshifter)
  68 redbacks
  A frost giant simulacrum (Hell)
  4 ettin zombies
  17 air elementals
  144 flying skulls
  6 ice dragon skeletons
  A redback (shapeshifter) (Vaults:5)
  5 wyverns
  3 ettin skeletons
  83 ynoxinuls
  3 dire elephant simulacra (IceCv)
  A spriggan (shapeshifter) (Depths:2)
  45 shadows
  37 tarantellas
  44 wraiths
  A vampire (Zig:7)
  74 water elementals
  25 elf zombies
  2 fire bats (shapeshifter)
  2 yaks (shapeshifter)
  A basilisk (shapeshifter) (Zig:26)
  58 ushabtiu
  19 yaks
  26 spriggans
  24 fire elementals
  3 hogs (Lair:6)
  Eustachio (D:5)
  A wyvern (shapeshifter) (Zig:18)
  4 alligator skeletons
  2 black mamba skeletons
  5 fire dragon skeletons
  13 golden eyes
  87 neqoxecs
  7 steam dragons
  3 human simulacra
  A golden eye (shapeshifter) (Vaults:5)
  23 vampire mosquitoes
  A death yak simulacrum (IceCv)
  66 chaos spawn
  14 hungry ghosts
  2 deep troll zombies
  39 spatial vortices
  28 insubstantial wisps
  3 harpy simulacra (IceCv)
  2 merfolk zombies
  25 nagas
  17 swamp worms
  11 acid dragons
  2 soldier ants
  8 porcupines
  66 hell hounds
  An acid dragon (shapeshifter) (Vaults:3)
  11 water moccasins
  A torturous demonspawn skeleton (Crypt:1)
  6 hydra simulacra
  2 spiny frog skeletons
  A water moccasin (shapeshifter) (Abyss:4)
  16 wargs
  10 spiny frog zombies
  11 ice beasts
  A floating eye (shapeshifter) (Vaults:5)
  14 floating eyes
  A sky beast (shapeshifter) (Zig:25)
  2 ogre skeletons
  A swamp dragon zombie (Dis:3)
  3 sky beasts
  4 snapping turtle zombies
  40 swamp drakes
  98 orc warriors
  An alligator simulacrum (Abyss:1)
  2 black bears (Lair:6)
  33 eyes of draining
  5 manticore zombies
  7 phantoms
  An ice beast (shapeshifter) (Zig:23)
  3 ettin simulacra
  30 ogres
  30 wolves
  3 snapping turtle skeletons
  A boggart (shapeshifter) (D:15)
  13 boggarts
  38 necrophages
  10 centaurs
  A swamp dragon skeleton (Geh:7)
  5 manticore skeletons
  A wolf (shapeshifter) (Zig:20)
  2 elf simulacra
  8 big kobolds
  17 crocodiles
  21 bullfrogs
  A wyvern zombie (D:14)
  A draconian skeleton (Crypt:1)
  25 earth elementals
  A merfolk simulacrum (Abyss:4)
  A monstrous demonspawn simulacrum (Abyss:4)
  A glowing shapeshifter simulacrum (Zig:17)
  16 wyvern skeletons
  3 troll zombies
  A water moccasin skeleton (Crypt:2)
  12 scorpions
  An elephant simulacrum (IceCv)
  23 killer bees
  A manticore simulacrum (Coc:3)
  34 wights
  3 troll skeletons
  3 howler monkeys (D:11)
  2 electric eels
  2 bullfrog zombies
  5 centaur zombies
  11 crimson imps
  2 draconian simulacra (IceCv)
  7 hounds
  4 quasits
  A wolf skeleton (Crypt:1)
  7 jellies
  31 orc priests
  4 centaur skeletons
  2 human zombies
  3 bullfrog skeletons
  17 iron imps
  3 iguanas
  6 hell rats (Lair:5)
  28 orc wizards
  4 lightning spires (Zig:25)
  12 worker ants
  A porcupine skeleton (Crypt:1)
  A spriggan simulacrum (IceCv)
  A polar bear simulacrum (IceCv)
  3 troll simulacra (IceCv)
  5 tengu zombies
  6 ogre zombies
  A big kobold zombie (Ossuary)
  An acid dragon skeleton (Crypt:2)
  A hound skeleton (D:7)
  195 mummies
  2 gnolls (Zig:21)
  2 howler monkey skeletons
  25 adders
  A naga simulacrum (IceCv)
  21 shadow imps
  51 white imps
  11 ufetubi
  4 oozes (Lair:6)
  An adder zombie (D:9)
  3 worms
  2 ball lightnings
  A dart slug (D:3)
  5 leopard geckos
  119 orcs
  16 bats
  7 giant cockroaches
  3 goblins
  9 hobgoblins
  11 jackals
  4 quokkas
  3 ball pythons
  6 frilled lizards
  A gnoll zombie (Ossuary)
  2 goblin skeletons (D:11)
  A goblin zombie (D:11)
  A hobgoblin skeleton (D:11)
  3 hobgoblin zombies
  A jackal zombie (D:6)
  30 kobolds
  A kobold skeleton (Crypt:2)
  5 kobold zombies
  2 leopard gecko skeletons
  An orc skeleton (D:11)
  14 orc zombies
  A quokka skeleton (D:9)
  6 rats
  145 briar patches
  4 butterflies
  34 crawling corpses
  15 fire vortices
  14 fungi
  2 lurking horrors (Abyss:4)
  17 plants
  A spectral weapon (Depths:5)
  58 starspawn tentacles
  10 tentacles
  4 withered plants (Crypt:3)
11260 creatures vanquished.

Vanquished Creatures (collateral kills)
  2 juggernauts (Zig:7)
  A caustic shrike (Zig:10)
  2 golden dragons
  A Brimstone Fiend (Zig:5)
  A pandemonium lord (Zig:20)
  An iron giant (Zig:7)
  3 tentacled monstrosities
  A deep elf blademaster (Zig:27)
  A titan (Zig:7)
  A lich (Zig:9)
  2 acid blobs
  A deep elf master archer (Zig:27)
  2 shadow dragons (Zig:14)
  2 draconian monks
  A tengu reaver (Zig:12)
  10 nagarajas
  3 fire giants
  A draconian knight (Zig:6)
  An iron dragon (Zig:14)
  A corrupter (Zig:6)
  An emperor scorpion (Zig:23)
  A draconian stormcaller (Zig:11)
  A frost giant (Zig:7)
  5 draconian scorchers
  3 balrugs
  7 orc warlords
  3 reapers
  4 draconian shifters
  A very ugly thing (Zig:13)
  4 draconian annihilators
  2 ironheart preservers
  6 stone giants
  3 green draconians
  2 deep elf demonologists (Zig:20)
  An entropy weaver (Zig:10)
  2 deep elf annihilators
  4 black draconians
  A yellow draconian (Zig:5)
  2 purple draconians
  8 white draconians
  10 green deaths
  A blizzard demon (Zig:20)
  3 merfolk javelineers
  An ettin (Depths:4)
  5 merfolk impalers
  3 fire dragons
  2 yaktaur captains
  A deep elf high priest (Zig:20)
  12 hydras
  A catoblepas (Zig:10)
  A naga warrior (Zig:14)
  A vault guard (Vaults:1)
  2 centaur warriors
  5 shambling mangroves
  An anaconda (Zig:24)
  3 satyrs
  2 ghost crabs (Zig:20)
  A spriggan air mage (Zig:15)
  An alligator (Zig:18)
  5 merfolk aquamancers
  2 merfolk avatars
  2 death scarabs (Zig:9)
  A dancing weapon (Zig:20)
  6 naga sharpshooters
  4 shock serpents
  An ogre mage (Zig:4)
  10 orc high priests
  A deep elf knight (Zig:18)
  A fire crab (Zig:19)
  A wretched star (Zig:14)
  6 iron trolls
  2 death drakes
  3 sea snakes
  A torturous demonspawn (Pan)
  2 spriggan druids
  2 gelid demonspawn (Pan)
  2 naga ritualists (Zig:24)
  2 ironbrand convokers (Zig:12)
  3 orc knights
  11 harpies
  A swamp dragon (Zig:18)
  2 deep elf magi
  A mana viper (Zig:2)
  A necromancer (Zig:15)
  7 orc sorcerers
  4 orb spiders (Zig:10)
  5 manticores
  3 fauns
  2 cyclopes
  A manticore (shapeshifter) (Zig:12)
  3 wolf spiders (Zig:10)
  3 merfolk sirens
  3 guardian serpents (Zig:14)
  10 moths of wrath
  2 ice statues
  An eye of devastation (Zig:15)
  A naga mage (Zig:24)
  10 water nymphs
  3 black mambas
  7 spiny frogs
  4 torpor snails (Zig:10)
  A hellion (Zig:6)
  4 rime drakes
  A yaktaur (Zig:8)
  2 demonic crawlers (Zig:23)
  An efreet (Zig:19)
  22 merfolk
  2 komodo dragons (Zig:10)
  A jumping spider (Zig:10)
  3 tyrant leeches
  A wind drake (Zig:12)
  A queen bee (shapeshifter) (Zig:12)
  A guardian mummy (Zig:9)
  7 hornets
  A snapping turtle (Zig:23)
  4 slime creatures
  A hippogriff (Zig:10)
  A raiju (Zig:13)
  7 bog bodies
  A blink frog (Zig:22)
  2 redbacks
  2 tarantellas (Zig:10)
  A yak (Zig:10)
  5 fire elementals (Zig:19)
  A wyvern (Zig:14)
  6 water elementals
  2 steam dragons (Zig:19)
  A ynoxinul (Zig:27)
  A neqoxec (Pan)
  A naga (Zig:24)
  5 vampire mosquitoes
  A spatial vortex (Zig:14)
  3 insubstantial wisps
  5 wargs
  2 acid dragons (Zig:14)
  A water moccasin (Zig:10)
  2 hell hounds (Zig:19)
  7 swamp drakes
  9 orc warriors
  10 ogres
  3 centaurs
  2 crocodiles (Zig:10)
  An orc wizard (Zig:25)
  2 crawling corpses
  3 fire vortices
437 creatures vanquished.

Vanquished Creatures (others)
  A golden dragon (Zig:18)
  A Tzitzimitl (Zig:20)
  A Brimstone Fiend (Zig:22)
  A doom hound (Zig:16)
  2 tentacled monstrosities
  An acid blob (Zig:11)
  12 deep elf master archers
  2 deep elf blademasters
  4 eldritch tentacles
  2 sphinxes
  A thorn hunter (Zig:10)
  3 storm dragons
  4 nagarajas
  An azure jelly (Zig:15)
  A fire giant (Zig:19)
  A deep elf sorcerer (Zig:15)
  4 draconian scorchers
  4 orc warlords
  2 draconian stormcallers
  2 warmongers (Zig:27)
  A reaper (Pan)
  2 draconian shifters (Zig:17)
  15 stone giants
  A black draconian (Zig:11)
  A lorocyproca (Depths:2)
  A black sun (Zig:27)
  A green draconian (Zot:4)
  2 white draconians (Zig:11)
  2 deep elf annihilators
  An ettin (Zig:7)
  A naga warrior (Zig:14)
  6 green deaths
  A blizzard demon (Pan)
  5 merfolk javelineers
  2 deep elf high priests
  5 yaktaur captains
  4 fire dragons (Zig:19)
  A merfolk impaler (Zig:23)
  An ice dragon (Zig:19)
  3 rakshasas
  8 hydras
  A shambling mangrove (Zig:20)
  A ghost crab (Zig:22)
  2 harpies
  2 alligators
  4 centaur warriors
  An ogre mage (Zig:22)
  2 merfolk aquamancers
  A dancing weapon (Zig:20)
  8 orc high priests
  A satyr (Zig:6)
  A hell hog (Geh:6)
  A sun demon (Geh:2)
  A soul eater (Pan)
  9 naga sharpshooters
  2 spatial maelstroms
  2 skeletal warriors
  2 salamander mystics
  A sixfirhy (Pan)
  An iron troll (Zig:26)
  A shadow wraith (Zig:12)
  2 spriggan druids
  A deep troll (Vaults:5)
  A cherub (Zig:14)
  2 death drakes
  2 shadow demons
  4 swamp dragons
  A sea snake (Zig:23)
  2 deep elf archers
  An orb spider (Zig:10)
  3 wolf spiders
  An orc sorcerer (Zig:18)
  3 cyclopes (Zig:6)
  6 deep elf magi
  8 fauns
  A frost giant zombie (Coc:1)
  3 moths of wrath
  3 slime creatures
  A merfolk siren (Zig:12)
  3 naga magi
  A black mamba (Zig:13)
  A water nymph (Zig:23)
  A rust devil (Hell)
  A torpor snail (Zig:10)
  3 orange demons
  An apocalypse crab (Abyss:5)
  A guardian serpent (Zig:24)
  2 spiny frogs
  A rime drake (Zig:19)
  A hellion (Zig:14)
  11 yaktaurs
  A komodo dragon (Zig:10)
  A demonic crawler (Zig:10)
  A guardian mummy (Tomb:2)
  An ice devil (Zig:6)
  A jumping spider (Zig:10)
  10 merfolk
  2 trolls
  3 wind drakes
  9 hornets
  2 flying skulls
  A snapping turtle (Zig:27)
  A redback (Zig:10)
  A large abomination (Zig:19)
  2 spriggans (Zig:22)
  A tarantella (shapeshifter) (Zig:26)
  An air elemental (Zig:27)
  A wraith (Zig:18)
  A tarantella (Zig:10)
  A ynoxinul (Zig:27)
  3 chaos spawn
  4 small abominations
  A vampire mosquito (Zig:25)
  A naga (Zig:13)
  A water moccasin (Zig:10)
  2 acid dragons (Zig:19)
  6 orc warriors
  A swamp drake (Swamp:4)
  3 ogres
  A centaur (Zig:23)
  A crocodile (Zig:10)
  A boggart (Depths:1)
  A starcursed mass (Abyss:4)
  An orc wizard (Zig:21)
  An orc priest (Zig:26)
  2 white imps (IceCv)
  2 orcs (Elf:1)
  9 briar patches
  A crawling corpse (Zig:20)
  2 demonic plants (Pan)
  12 fire vortices
  8 fungi
  A lurking horror (Abyss:1)
  18 plants
  44 starspawn tentacles
  8 tentacles
  6 withered plants (Crypt:3)
412 creatures vanquished.

Grand Total: 12109 creatures vanquished

Notes
Turn   | Place    | Note
-------+----------+-------------------------------------------
     0 | D:1      | Birdy the Vampire Gladiator began the quest for the Orb.
     0 | D:1      | Reached XP level 1. HP: 16/16 MP: 1/1
   217 | D:1      | Reached XP level 2. HP: 22/22 MP: 2/2
   616 | D:2      | Reached skill level 1 in Armour
   655 | D:2      | Reached XP level 3. HP: 26/27 MP: 3/3
   702 | D:2      | Found a sacrificial altar of Ru.
   729 | D:2      | Reached XP level 4. HP: 33/33 MP: 4/4
   808 | D:2      | Found a transporter.
   811 | D:2      | Noticed a hippogriff
   815 | D:2      | Found a transporter.
   867 | D:2      | Found a bloodstained altar of Trog.
  1311 | D:3      | Reached XP level 5. HP: 30/38 MP: 5/5
  1340 | D:3      | Found a stormy altar of Qazlal.
  1777 | D:3      | Found a white marble altar of Elyvilon.
  2400 | D:4      | Reached XP level 6. HP: 19/44 MP: 6/6
  2749 | D:4      | Found a staircase to the Ecumenical Temple.
  2758 | Temple   | Entered the Ecumenical Temple
  2835 | Temple   | Became a worshipper of the Wu Jian Council
  2894 | D:5      | Entered Level 5 of the Dungeon
  2915 | D:5      | Noticed Eustachio
  2919 | D:5      | Found a stormy altar of Qazlal.
  2957 | D:5      | Killed Eustachio
  3033 | D:5      | Reached skill level 5 in Unarmed Combat
  3033 | D:5      | Reached XP level 7. HP: 50/51 MP: 7/7
  3113 | D:5      | Reached skill level 5 in Dodging
  3372 | D:5      | Reached * piety under Wu Jian
  3431 | D:5      | Reached XP level 8. HP: 46/60 MP: 8/8
  3550 | D:5      | Found an ancient bone altar of Kikubaaqudgha.
  3584 | D:5      | Found a shimmering blue altar of Sif Muna.
  3585 | D:5      | Found a snail-covered altar of Cheibriados.
  3788 | D:5      | Found the +7 Singing Sword {slice, sonic wave}
  3993 | D:6      | Found a snail-covered altar of Cheibriados.
  4133 | D:6      | Reached skill level 1 in Long Blades
  4170 | D:6      | Found a shimmering blue altar of Sif Muna.
  4300 | D:6      | Found a glowing silver altar of Zin.
  4898 | D:7      | Got a distressingly furry ring mail
  4911 | D:7      | Found a sand-covered staircase.
  4934 | Ossuary  | Entered an ossuary
  4943 | Ossuary  | Reached skill level 5 in Long Blades
  4944 | Ossuary  | Reached ** piety under Wu Jian
  5083 | Ossuary  | Identified the +2 ring mail of Fyomaf {rN+ Str+4} (You
                  | found it on level 7 of the Dungeon)
  5179 | D:7      | Found Xus Zuco's Antique Armour Emporium.
  5185 | D:7      | Bought a pair of gloves for 139 gold pieces
  5185 | D:7      | Bought a pair of boots for 139 gold pieces
  5185 | D:7      | Bought a cloak for 139 gold pieces
  5215 | D:7      | Reached XP level 9. HP: 65/65 MP: 9/9
  5395 | D:7      | Found a white marble altar of Elyvilon.
  5595 | D:7      | Found a shattered altar of Ashenzari.
  5738 | D:8      | Found a hazy altar of Hepliaklqana.
  5793 | D:8      | Found an opulent altar of Gozag.
  5819 | D:8      | Found a blossoming altar of Fedhas.
  6150 | D:9      | Reached *** piety under Wu Jian
  6230 | D:9      | HP: 3/65 [killer bee (7)]
  6418 | D:9      | Found a sparkling altar of Nemelex Xobeh.
  6447 | D:9      | Reached skill level 10 in Long Blades
  6468 | D:9      | Reached **** piety under Wu Jian
  6471 | D:9      | Reached XP level 10. HP: 59/71 MP: 10/10
  6477 | D:9      | Found a staircase to the Lair.
  6765 | D:10     | Entered Level 10 of the Dungeon
  7216 | D:10     | Noticed Joseph
  7232 | D:10     | Killed Joseph
  7656 | D:10     | Noticed a two-headed ogre
  7661 | D:10     | Noticed Fannar
  7662 | D:10     | Killed a two-headed ogre
  7675 | D:10     | Killed Fannar
  7847 | Lair:1   | Entered Level 1 of the Lair of Beasts
  7861 | Lair:1   | Noticed a spiny frog
  7863 | Lair:1   | Reached XP level 11. HP: 68/77 MP: 11/11
  7989 | Lair:1   | Reached ***** piety under Wu Jian
  8529 | Lair:2   | Noticed Sonja
  8537 | Lair:2   | Killed Sonja
  8686 | Lair:2   | Noticed a five-headed hydra
  8690 | Lair:2   | Killed a five-headed hydra
  8789 | Lair:2   | Gained mutation: You are resistant to electric shocks.
                  | (rElec) [potion of mutation]
  8789 | Lair:2   | Gained mutation: You are agile. (Dex +2) [potion of
                  | mutation]
  8830 | Lair:2   | Got a fine leather armour
  8846 | Lair:2   | Identified the +2 leather armour "Wuediaqija" {Int+3 Dex+5}
                  | (You found it on level 2 of the Lair of Beasts)
  8872 | Lair:2   | Noticed a six-headed hydra
  8878 | Lair:2   | Killed a six-headed hydra
  9148 | Lair:3   | Reached skill level 15 in Long Blades
  9201 | Lair:3   | Found a staircase to the Swamp.
  9424 | Lair:3   | Noticed a four-headed hydra
  9435 | Lair:3   | Killed a four-headed hydra
  9607 | Lair:3   | Found a hole to the Spider Nest.
  9619 | Lair:3   | Reached XP level 12. HP: 76/83 MP: 12/12
 10122 | Lair:4   | Noticed a seven-headed hydra
 10123 | Lair:4   | Reached skill level 5 in Fighting
 10132 | Lair:4   | Noticed Maggie
 10141 | Lair:4   | Killed Maggie
 10141 | Lair:4   | Killed an eight-headed hydra
 11001 | Lair:5   | Noticed an eight-headed hydra
 11227 | Lair:5   | Killed an eight-headed hydra
 11233 | Lair:5   | Noticed a six-headed hydra
 11240 | Lair:5   | Killed a six-headed hydra
 11967 | Lair:6   | Entered Level 6 of the Lair of Beasts
 11976 | Lair:6   | Reached XP level 13. HP: 96/96 MP: 13/13
 12029 | Lair:6   | Reached skill level 10 in Dodging
 12044 | Lair:6   | Reached ****** piety under Wu Jian
 12242 | Lair:6   | Noticed Kirke
 12358 | Lair:6   | Found a staircase to the Slime Pits.
 12538 | Lair:6   | Killed Kirke
 12852 | Lair:6   | Identified the +4 hand axe of the Eternal Warrior {pain,
                  | *Rage Str+9 Int+3}
 12852 | Lair:6   | Noticed Nessos
 12864 | Lair:6   | Killed Nessos
 13215 | D:11     | Noticed Harold
 13220 | D:11     | Killed Harold
 13347 | D:11     | Found a staircase to the Orcish Mines.
 13395 | Orc:1    | Entered Level 1 of the Orcish Mines
 13395 | Orc:1    | Found a roughly hewn altar of Beogh.
 13400 | Orc:1    | Reached skill level 1 in Shields
 14317 | D:12     | Reached XP level 14. HP: 94/108 MP: 14/14
 14422 | D:12     | Noticed Jorgrun
 14436 | D:12     | Killed Jorgrun
 14578 | D:12     | You fall into a shaft and drop 1 floor!
 14633 | D:12     | Noticed drock42's ghost (journeyman DsGl)
 14659 | D:12     | Found a transporter.
 14678 | D:12     | Found a transporter.
 14939 | D:12     | Gained mutation: You are frail. (-10% HP) [a neqoxec]
 14945 | D:12     | Killed drock42's ghost
 15178 | Orc:2    | Entered Level 2 of the Orcish Mines
 15192 | Orc:2    | Found a shimmering altar of Xom.
 15217 | Orc:2    | Noticed an orc warlord
 15242 | Orc:2    | Found a roughly hewn altar of Beogh.
 15247 | Orc:2    | Killed an orc warlord
 15294 | Orc:2    | Reached skill level 10 in Fighting
 15342 | Orc:2    | Found a staircase to the Elven Halls.
 15345 | Orc:2    | Found a roughly hewn altar of Beogh.
 15464 | Orc:2    | Found Caikopp's Magic Scroll Shop.
 15467 | Orc:2    | Bought a scroll of summoning for 133 gold pieces
 15467 | Orc:2    | Bought a scroll of identify for 28 gold pieces
 15468 | Orc:2    | Bought a scroll of identify for 28 gold pieces
 15468 | Orc:2    | Bought a scroll of identify for 28 gold pieces
 15468 | Orc:2    | Bought a scroll of identify for 28 gold pieces
 15530 | Orc:2    | Found a roughly hewn altar of Beogh.
 15557 | Orc:2    | Found a roughly hewn altar of Beogh.
 15558 | Orc:2    | Found Fyikhent's Weapon Shop.
 15791 | Orc:2    | Noticed an orc warlord
 15795 | Orc:2    | Found Roamako's Antique Weapon Emporium.
 15796 | Orc:2    | Found a roughly hewn altar of Beogh.
 15804 | Orc:2    | Found Xireojof's Antique Armour Shoppe.
 15804 | Orc:2    | Killed an orc warlord
 16075 | Orc:2    | Found Caewnudo's Food Shop.
 16192 | Orc:2    | Found a roughly hewn altar of Beogh.
 16211 | Orc:2    | Found a roughly hewn altar of Beogh.
 16219 | Orc:1    | Noticed Snorg
 16224 | Orc:1    | Killed Snorg
 16460 | Orc:1    | Noticed Nergalle
 16465 | Orc:1    | Killed Nergalle
 17055 | D:13     | Reached XP level 15. HP: 74/106 MP: 15/15
 17120 | D:13     | Found a gate to the Vaults.
 17764 | D:14     | Found Vaeror's Armour Shoppe.
 17818 | D:14     | Found a flickering gateway to a bazaar.
 17824 | Bazaar   | Entered a bazaar
 17845 | Bazaar   | Found Jeehaump's Weapon Shop.
 17869 | Bazaar   | Found Jomaips's Book Shop.
 17901 | Bazaar   | Found Yparr's Book Shop.
 17901 | Bazaar   | Found Zucyv's Distillery.
 17932 | Bazaar   | Bought a manual of Shields for 1656 gold pieces
 17941 | Bazaar   | Bought a potion of ambrosia for 152 gold pieces
 17941 | Bazaar   | Bought a potion of invisibility for 152 gold pieces
 18090 | D:14     | Reached skill level 5 in Shields
 18170 | D:14     | Found Sosialu's Magic Scroll Shop.
 18586 | D:15     | Entered Level 15 of the Dungeon
 18788 | D:15     | Found a staircase to the Depths.
 19399 | Spider:1 | Entered Level 1 of the Spider Nest
 20153 | Spider:1 | Reached skill level 10 in Shields
 20761 | Spider:2 | Reached XP level 16. HP: 77/88 MP: 16/16
 22402 | Spider:4 | Entered Level 4 of the Spider Nest
 22452 | Spider:4 | Found a frozen archway.
 22561 | IceCv    | Entered an ice cave
 23397 | IceCv    | Identified a +2 pair of boots of running (You found it in
                  | an ice cave)
 23752 | Spider:4 | Reached skill level 15 in Dodging
 23949 | Spider:4 | Got a gossamer rune of Zot
 24562 | Swamp:1  | Entered Level 1 of the Swamp
 24572 | Swamp:1  | Reached XP level 17. HP: 95/95 MP: 17/17
 25923 | Swamp:2  | You fall into a shaft and drop 1 floor!
 25994 | Swamp:3  | Reached skill level 15 in Shields
 26829 | Swamp:4  | Entered Level 4 of the Swamp
 27957 | Swamp:4  | Got a decaying rune of Zot
 28140 | Swamp:4  | Identified the Grimoire of the Vanishing Lives
 28252 | Swamp:4  | Identified a scroll of acquirement
 28850 | Vaults:1 | Entered Level 1 of the Vaults
 28858 | Vaults:1 | Found the +9 sword of Zonguldrok {reap}
 28957 | Vaults:1 | Reached XP level 18. HP: 59/130 MP: 18/18
 29912 | Vaults:1 | Reached skill level 5 in Armour
 30454 | Vaults:2 | Learned a level 4 spell: Leda's Liquefaction
 30712 | Vaults:2 | Reached skill level 1 in Hexes
 30718 | Vaults:2 | Reached skill level 1 in Earth Magic
 30755 | Vaults:2 | Noticed a lich
 31114 | Vaults:2 | Reached skill level 5 in Hexes
 31192 | Vaults:2 | Found a staircase to the Crypt.
 31209 | Vaults:2 | Reached XP level 19. HP: 136/136 MP: 19/19
 31327 | Vaults:2 | Reached skill level 10 in Armour
 31718 | Vaults:2 | Noticed Donald
 31739 | Vaults:2 | Killed Donald
 32282 | Vaults:3 | Identified the +8 glaive "Jaqatwil" {venom, rF- rC+++ rN+
                  | Int+3}
 32509 | Vaults:3 | You fall into a shaft and drop 1 floor!
 32666 | Vaults:4 | Reached skill level 10 in Hexes
 32842 | Vaults:4 | Noticed Sojobo
 32865 | Vaults:4 | Killed Sojobo
 32865 | Vaults:4 | Reached XP level 20. HP: 54/144 MP: 20/20
 33295 | Vaults:4 | Got a bloodstained ring mail
 33297 | Vaults:4 | Identified the +4 ring mail "Keroulon" {rElec Int+4} (You
                  | found it on level 4 of the Vaults)
 33347 | Vaults:4 | Noticed Frederick
 33357 | Vaults:4 | Killed Frederick
 33787 | Vaults:4 | Identified the cursed +2 quarterstaff "Jirebloa" {crush,
                  | Str+7 Int-3}
 33865 | Vaults:4 | Found Qelacvag's General Store.
 33875 | Vaults:4 | Bought a scroll of teleportation for 42 gold pieces
 34086 | Vaults:3 | You fall into a shaft and drop 1 floor!
 34754 | Elf:1    | Entered Level 1 of the Elven Halls
 34965 | Elf:1    | Found a runed translucent gate.
 34965 | Elf:1    | Found a runed translucent gate.
 34965 | Elf:1    | Found a runed translucent gate.
 34965 | Elf:1    | Found a runed translucent gate.
 34965 | Elf:1    | Found a runed translucent gate.
 34966 | Elf:1    | Found a runed translucent gate.
 34969 | Elf:1    | Reached skill level 15 in Hexes
 35832 | Elf:2    | Found a runed translucent gate.
 35832 | Elf:2    | Found a runed translucent gate.
 35832 | Elf:2    | Found a runed translucent gate.
 36359 | Elf:3    | Entered Level 3 of the Elven Halls
 36487 | Elf:3    | Reached skill level 15 in Fighting
 36489 | Elf:3    | Noticed Asterion
 36493 | Elf:3    | Reached XP level 21. HP: 151/151 MP: 17/21
 36500 | Elf:3    | Killed Asterion
 36901 | Elf:3    | Got a smoking broad axe
 36902 | Elf:3    | Identified the +0 broad axe "Sarcophage" {freeze, rF+} (You
                  | found it on level 3 of the Elven Halls)
 37006 | Elf:3    | Got a steaming dagger
 37007 | Elf:3    | Identified the +9 dagger of the Sky {pierce, MP+9 Str+2
                  | Dex+3} (You found it on level 3 of the Elven Halls)
 37152 | Elf:3    | Identified the Collected Works on Creative Feathers
 37163 | Elf:3    | Learned a level 5 spell: Silence
 37202 | Elf:3    | Got a distressingly furry leather armour
 37203 | Elf:3    | Identified the +1 leather armour of Filth {+Inv} (You found
                  | it on level 3 of the Elven Halls)
 37828 | Vaults:5 | Entered Level 5 of the Vaults
 37835 | Vaults:5 | Noticed a golden dragon
 37845 | Vaults:5 | Killed a golden dragon
 37866 | Vaults:5 | Noticed a golden dragon
 37873 | Vaults:5 | Killed a golden dragon
 37890 | Vaults:5 | Noticed a golden dragon
 37891 | Vaults:5 | Identified the ring of Neurosis {+Blink rF+++ EV+2 Str+6
                  | Int-3}
 38089 | Vaults:5 | Noticed a golden dragon
 38089 | Vaults:5 | Reached XP level 22. HP: 117/159 MP: 17/22
 38090 | Vaults:5 | Killed a golden dragon
 38092 | Vaults:5 | Killed a golden dragon
 38098 | Vaults:5 | Identified the ring of the Present {rC+ Int+5 Dex-3}
 38305 | Vaults:5 | Noticed a golden dragon
 38310 | Vaults:5 | Killed a golden dragon
 38678 | Vaults:5 | Got a silver rune of Zot
 38886 | Vaults:5 | Identified the +4 long sword of Ciraq {freeze, -Tele rPois
                  | rN+}
 38980 | Vaults:5 | Got a scorched ring mail
 38981 | Vaults:5 | Identified the +3 ring mail of Melancholy {rC+ Int+2} (You
                  | found it on level 5 of the Vaults)
 39816 | Slime:1  | Entered Level 1 of the Pits of Slime
 39854 | Slime:4  | Lost mutation: You are agile. (Dex +2) [a shining eye]
 39859 | Slime:5  | Entered Level 5 of the Pits of Slime
 40071 | Slime:5  | Noticed the Royal Jelly
 40076 | Slime:5  | Killed the Royal Jelly
 40096 | Slime:5  | Reached XP level 23. HP: 30/130 MP: 14/23
 40142 | Slime:5  | Found the +9 sword of Zonguldrok {reap}
 40161 | Slime:5  | Got a glittering turquoise ring
 40162 | Slime:5  | Identified the ring "Diomost" {*Slow +Inv +Fly Str+6} (You
                  | found it on level 5 of the Pits of Slime)
 40631 | Slime:5  | Got a tattered robe
 40667 | Slime:5  | Got a slimy rune of Zot
 40670 | Slime:5  | Got a faintly glowing ring mail
 40673 | Slime:5  | Identified the +5 robe of the Trombone {+Inv Str+2} (You
                  | found it on level 5 of the Pits of Slime)
 40678 | Slime:5  | Identified the +0 ring mail of the Abyss {Str+5} (You found
                  | it on level 5 of the Pits of Slime)
 41005 | Depths:1 | Entered Level 1 of the Depths
 41032 | Depths:1 | Found a one-way gate to the infinite horrors of the Abyss.
 41073 | Depths:1 | Found a gateway to Hell.
 41754 | Depths:2 | Identified the ring of Insomnia {rN+ MR+ Str+4 Int+4}
 41913 | Depths:2 | Paralysed by a floating eye for 3 turns
 42022 | Depths:2 | Found Leh Wak's Assorted Antiques.
 42032 | Depths:2 | Bought a scroll of magic mapping for 115 gold pieces
 42032 | Depths:2 | Bought a potion of might for 132 gold pieces
 42134 | Depths:2 | Got a slimy platinum ring
 42135 | Depths:2 | Identified the ring of Spite {rCorr Int+7} (You found it on
                  | level 2 of the Depths)
 42193 | Depths:2 | Found Kun Enatt's Antique Weapon Emporium.
 42292 | Depths:2 | Noticed a caustic shrike
 42296 | Depths:2 | Killed a caustic shrike
 42401 | Depths:2 | Got a clouded bronze ring
 42404 | Depths:2 | Identified a ring "Raetyela" {-Tele rN+ Int+2 Dex+7 Stlth+}
                  | (You found it on level 2 of the Depths)
 42436 | Depths:2 | Paralysed by a floating eye for 3 turns
 43209 | Depths:3 | Found a one-way gate leading to the halls of Pandemonium.
 43308 | Depths:3 | Found a gateway to a ziggurat.
 43340 | Depths:3 | Reached XP level 24. HP: 178/178 MP: 19/23
 43917 | Depths:3 | Got a pair of distressingly furry gloves
 43937 | Depths:3 | Identified the +0 pair of gloves of Mezcal {-Tele rN+
                  | Regen+ Slay+3} (You found it on level 3 of the Depths)
 44198 | Depths:3 | Learned a level 5 spell: Yara's Violent Unravelling
 44482 | Depths:4 | Found Gett's General Store.
 44488 | Depths:4 | Found Ceirhec's Gadget Shoppe.
 44654 | Depths:4 | Found a white marble altar of Elyvilon.
 45517 | Depths:4 | Found Zitruzit's Food Emporium.
 45546 | Depths:4 | Found Icrau's Gadget Shop.
 45576 | Depths:4 | Noticed Mennas
 45588 | Depths:4 | Killed Mennas
 45666 | Depths:4 | Identified the +8 hand axe "Faesk" {chop, +Inv rElec rPois
                  | Str-4 Int+6}
 45666 | Depths:4 | Noticed Louise
 45698 | Depths:4 | Killed Louise
 45828 | Depths:4 | Found the +0 mask of the Dragon {MR+ Slay+3 SInv}
 45829 | Depths:4 | Got a colourful robe
 45830 | Depths:4 | Identified the cursed +0 robe of Valour {rPois MR- Str+4
                  | Dex+8} (You found it on level 4 of the Depths)
 45881 | Depths:5 | Entered Level 5 of the Depths
 45881 | Depths:5 | Noticed Boris
 45885 | Depths:5 | Killed Boris
 46187 | Depths:5 | Noticed Xtahua
 46189 | Depths:5 | Reached XP level 25. HP: 162/186 MP: 23/23
 46206 | Depths:5 | Killed Xtahua
 46241 | Depths:5 | Learned a level 3 spell: Spectral Weapon
 46946 | Depths:5 | Found a gate to the Realm of Zot.
 46954 | Depths:5 | Found Xuuq's Jewellery Emporium.
 46955 | Depths:5 | Found Kyhar's Gadget Boutique.
 46956 | Depths:5 | Found Xodool's Jewellery Emporium.
 47096 | Depths:5 | Voluntarily entered the Abyss.
 47168 | Abyss:1  | Found a corrupted altar of Lugonu.
 47450 | Abyss:1  | Reached skill level 15 in Armour
 48057 | Abyss:1  | Found a shattered altar of Ashenzari.
 48381 | Abyss:2  | Found a roughly hewn altar of Beogh.
 48514 | Abyss:3  | Found a hazy altar of Hepliaklqana.
 48687 | Abyss:4  | Gained mutation: Your body sometimes deteriorates upon
                  | taking damage. [a neqoxec]
 48952 | Abyss:5  | Entered Level 5 of the Abyss
 48978 | Abyss:5  | Got an abyssal rune of Zot
 49187 | Depths:5 | Escaped the Abyss
 49229 | Zot:1    | Entered Level 1 of the Realm of Zot
 49422 | Depths:5 | Lost mutation: Your body sometimes deteriorates upon taking
                  | damage. [potion of mutation]
 49422 | Depths:5 | Lost mutation: You are frail. (-10% HP) [potion of
                  | mutation]
 49422 | Depths:5 | Gained mutation: You are frail. (-10% HP) [potion of
                  | mutation]
 49422 | Depths:5 | Gained mutation: You are partially covered in thin metallic
                  | scales. (AC +2) [potion of mutation]
 49754 | Zot:1    | Identified the ring "Tigrikheso" {rC++ MR+ Stlth+} (You
                  | acquired it on level 1 of the Realm of Zot)
 49798 | Zot:1    | Reached skill level 1 in Stealth
 50052 | Zot:2    | Reached XP level 26. HP: 136/148 MP: 23/23
 50225 | Zot:2    | Reached skill level 5 in Stealth
 50573 | Zot:2    | Learned a level 2 spell: Song of Slaying
 50619 | Zot:2    | Noticed an orb of fire
 50911 | Zot:2    | Killed an orb of fire
 50911 | Zot:2    | Reached skill level 1 in Charms
 51149 | Zot:2    | Noticed an orb of fire
 51375 | Zot:2    | Gained mutation: You are very frail. (-20% HP) [an orb of
                  | fire]
 51378 | Zot:2    | Killed an orb of fire
 51637 | Depths:4 | Identified the ring of Qesh {+Fly Str+4 Int+4}
 51905 | Zig:1    | Entered Level 1 of a ziggurat
 52043 | Zig:2    | Entered Level 2 of a ziggurat
 52043 | Zig:2    | Noticed Laumabbu the pandemonium lord
 52051 | Zig:2    | Killed Laumabbu the pandemonium lord
 52056 | Zig:2    | Lost mutation: You are very frail. (-20% HP) [potion of
                  | mutation]
 52056 | Zig:2    | Lost mutation: You are frail. (-10% HP) [potion of
                  | mutation]
 52056 | Zig:2    | Gained mutation: Your spells are a little harder to cast,
                  | but a little more powerful. [potion of mutation]
 52056 | Zig:2    | Gained mutation: Your muscles are strong. (Str +2) [potion
                  | of mutation]
 52246 | Zig:3    | Entered Level 3 of a ziggurat
 52267 | Zig:4    | Entered Level 4 of a ziggurat
 52281 | Zig:4    | Reached skill level 10 in Stealth
 52413 | Zig:4    | Reached XP level 27. HP: 178/178 MP: 23/23
 52415 | Zig:5    | Entered Level 5 of a ziggurat
 52417 | Zig:5    | Found the +12 glaive of Prune {chop}
 52428 | Zig:5    | Identified the Tome of the Exiled Realms
 52458 | Zig:6    | Entered Level 6 of a ziggurat
 52494 | Zig:6    | Got a coiled silver ring
 52495 | Zig:6    | Identified the cursed ring of Xom's Entertainment {rPois
                  | Int-4} (You found it on level 6 of a ziggurat)
 52511 | Zig:7    | Entered Level 7 of a ziggurat
 52523 | Zig:7    | Found the +0 sword of Power
 52542 | Zig:7    | Got a spiked scale mail
 52559 | Zig:7    | Identified the +5 scale mail of Tusiykikk {rElec} (You
                  | found it on level 7 of a ziggurat)
 52571 | Zig:8    | Entered Level 8 of a ziggurat
 52586 | Zig:8    | Found the cursed necklace of Bloodlust {*Rage +Rage MR++
                  | Int-3 Slay+6 *Curse}
 52766 | Zig:9    | Entered Level 9 of a ziggurat
 52892 | Zig:9    | Identified Yxtetz's Grimoire of Air and Transmigration
 52927 | Zig:10   | Entered Level 10 of a ziggurat
 52937 | Zig:10   | Found the ring of Robustness {AC+8}
 52979 | Zig:10   | Got a brightly glowing turquoise ring
 52981 | Zig:10   | Identified the ring of Beauty {rF++ rC+ Slay+3} (You found
                  | it on level 10 of a ziggurat)
 52988 | Zig:11   | Entered Level 11 of a ziggurat
 53027 | Zig:11   | Got an encrusted chain mail
 53263 | Zig:12   | Entered Level 12 of a ziggurat
 53308 | Zig:12   | Identified the +1 chain mail "Ymauc" {rF- MR++ rCorr SInv}
                  | (You found it on level 11 of a ziggurat)
 53310 | Zig:12   | Got an ichor-stained cloak
 53311 | Zig:12   | Identified the cursed +0 cloak of Okawaru's Indignation
                  | {rC- rCorr Int+8 Dex-4} (You found it on level 12 of a
                  | ziggurat)
 53319 | Zig:12   | Got a clouded copper ring
 53321 | Zig:12   | Identified the ring of Recklessness {MR+ Int+2} (You found
                  | it on level 12 of a ziggurat)
 53537 | Zig:13   | Entered Level 13 of a ziggurat
 53668 | Zig:13   | Reached skill level 15 in Stealth
 53689 | Zig:13   | Identified the Tome of Dusty Flames
 54154 | Zig:13   | Learned a level 2 spell: Swiftness
 54162 | Zig:14   | Entered Level 14 of a ziggurat
 54189 | Zig:14   | Reached skill level 1 in Air Magic
 54202 | Zig:14   | Found the +12 Vampire's Tooth {vamp}
 54298 | Zig:14   | Got a colourful robe
 54301 | Zig:14   | Identified the +1 robe of the Gate {rC- Int+4} (You found
                  | it on level 14 of a ziggurat)
 54303 | Zig:14   | Got a faintly glowing chain mail
 54304 | Zig:14   | Identified the +7 chain mail of Dim Light {Stlth+} (You
                  | found it on level 14 of a ziggurat)
 54310 | Zig:15   | Entered Level 15 of a ziggurat
 54669 | Zig:16   | Entered Level 16 of a ziggurat
 54683 | Zig:16   | Noticed an ancient lich
 54692 | Zig:16   | Killed an ancient lich
 54736 | Zig:16   | Identified Wanoyryo's Disquisition on the Excruciating
                  | Blaze
 54757 | Zig:16   | Got a pitted helmet
 54758 | Zig:16   | Identified the cursed +0 helmet of Winter {+Blink rC+
                  | Dex+4} (You found it on level 16 of a ziggurat)
 54836 | Zig:17   | Entered Level 17 of a ziggurat
 54866 | Zig:17   | Noticed Beeseun the pandemonium lord
 54878 | Zig:17   | Killed Beeseun the pandemonium lord
 54881 | Zig:17   | Found the +7 captain's cutlass {speed, disarm}
 54930 | Zig:18   | Entered Level 18 of a ziggurat
 54966 | Zig:18   | Reached skill level 10 in Charms
 55153 | Zig:18   | Got a smoking cloak
 55173 | Zig:18   | Identified the +1 cloak of Refas {*Corrode rF++ MR++} (You
                  | found it on level 18 of a ziggurat)
 55250 | Zig:18   | Learned a level 6 spell: Darkness
 55462 | Zig:19   | Entered Level 19 of a ziggurat
 55480 | Zig:19   | Noticed an ancient lich
 55484 | Zig:19   | Noticed an ancient lich
 55484 | Zig:19   | Reached skill level 1 in Spellcasting
 55485 | Zig:19   | Killed an ancient lich
 55486 | Zig:19   | Found the cursed +13 scythe of Curses {drain, *Curse}
 55490 | Zig:19   | Killed an ancient lich
 55508 | Zig:19   | Got a pitted arbalest
 55520 | Zig:19   | Got a faintly humming leather armour
 55573 | Zig:19   | Identified the cursed +0 leather armour "Notaluf" {Int+3}
                  | (You found it on level 19 of a ziggurat)
 55600 | Zig:20   | Entered Level 20 of a ziggurat
 55625 | Zig:20   | Noticed Kouc the pandemonium lord
 55633 | Zig:20   | Killed Kouc the pandemonium lord
 55637 | Zig:20   | Reached skill level 5 in Spellcasting
 56026 | Zig:21   | Entered Level 21 of a ziggurat
 56054 | Zig:21   | Reached skill level 27 in Dodging
 56061 | Zig:21   | Found the ring of the Mage {Wiz MR++ Int+3}
 56100 | Zig:21   | Learned a level 8 spell: Discord
 56111 | Zig:21   | Identified the Collected Works on Protection and Companions
 56149 | Zig:22   | Entered Level 22 of a ziggurat
 56171 | Zig:22   | Noticed Ilucok the pandemonium lord
 56176 | Zig:22   | Killed Ilucok the pandemonium lord
 56183 | Zig:22   | Gained mutation: You have an increased reservoir of magic.
                  | (+10% MP) [a cacodemon]
 56186 | Zig:22   | Reached skill level 27 in Hexes
 56229 | Zig:22   | Found the +7 pair of quick blades "Gyre" and "Gimble"
                  | {protect}
 56243 | Zig:22   | Got a bound sapphire amulet
 56259 | Zig:22   | Identified the amulet "Voiweb" {-Tele +Rage rF+ Int+6} (You
                  | found it on level 22 of a ziggurat)
 56267 | Zig:22   | Identified the Incunabulum of Stolen Souls
 56275 | Zig:22   | Got a glittering pewter ring
 56276 | Zig:22   | Identified the ring "Roimni" {Wiz *Slow rF+ Str+5 Int+4}
                  | (You found it on level 22 of a ziggurat)
 56619 | Zig:23   | Entered Level 23 of a ziggurat
 56672 | Zig:23   | Noticed a greater mummy
 56680 | Zig:23   | Killed a greater mummy
 56682 | Zig:23   | Noticed a greater mummy
 56688 | Zig:23   | Killed a greater mummy
 56690 | Zig:23   | Noticed a greater mummy
 56690 | Zig:23   | Noticed a greater mummy
 56690 | Zig:23   | Noticed a greater mummy
 56690 | Zig:23   | Noticed a greater mummy
 56693 | Zig:23   | Killed a greater mummy
 56693 | Zig:23   | Noticed a greater mummy
 56694 | Zig:23   | Killed a greater mummy
 56695 | Zig:23   | Noticed a greater mummy
 56695 | Zig:23   | Killed a greater mummy
 56697 | Zig:23   | Killed a greater mummy
 56700 | Zig:23   | Killed a greater mummy
 56702 | Zig:23   | Killed a greater mummy
 57089 | Zig:23   | Identified the Papyrus of Battle Magic and Transmigration
 57112 | Zig:23   | Got a crude glass ring
 57114 | Zig:23   | Identified the ring of Zufuh {rF+ Int+2 Stlth+} (You found
                  | it on level 23 of a ziggurat)
 57126 | Zig:23   | Identified the amulet "Vaejieha" {Faith +Fly Int+4 Dex-5
                  | Slay+2} (You acquired it on level 23 of a ziggurat)
 57126 | Zig:23   | Identified the +3 cloak of the Sacrificial Victim {+Blink
                  | rElec Dex-2 Stlth+} (You acquired it on level 23 of a
                  | ziggurat)
 57188 | Zig:24   | Entered Level 24 of a ziggurat
 57237 | Zig:24   | Found the +8 demon blade "Leech" {vamp, rN+ AC-3 EV-3}
 57267 | Zig:24   | Identified the Almanac of Black Magic and Confrontation
 57353 | Zig:25   | Entered Level 25 of a ziggurat
 57392 | Zig:25   | Reached skill level 15 in Charms
 57488 | Zig:25   | Got a crude golden ring
 57490 | Zig:25   | Identified the ring of Nisuoggu {rN+ MR+ Str+4 Dex+4
                  | Stlth+} (You found it on level 25 of a ziggurat)
 57498 | Zig:25   | Identified Zaeh's Catalogue of Glacial Unholy Rites
 57511 | Zig:26   | Entered Level 26 of a ziggurat
 57537 | Zig:26   | Reached skill level 27 in Stealth
 57565 | Zig:26   | Identified Sif Muna's Disquisition on Attacks and
                  | Enchantment
 57573 | Zig:26   | Got a transparent crystal plate armour
 57607 | Zig:26   | Identified the cursed +0 crystal plate armour of the Salmon
                  | {+Blink Stlth+} (You found it on level 26 of a ziggurat)
 57648 | Zig:26   | Got a glittering amber ring
 57649 | Zig:26   | Identified the ring of a Billion Eyes {+Inv rPois rC- MR+}
                  | (You found it on level 26 of a ziggurat)
 57894 | Zig:27   | Entered Level 27 of a ziggurat
 57903 | Zig:27   | Learned a level 6 spell: Invisibility
 57912 | Zig:27   | Noticed an ancient lich
 57919 | Zig:27   | Noticed an ancient lich
 57920 | Zig:27   | Noticed an ancient lich
 57924 | Zig:27   | Killed an ancient lich
 57925 | Zig:27   | Killed an ancient lich
 57925 | Zig:27   | Noticed an ancient lich
 57926 | Zig:27   | Noticed an ancient lich
 57926 | Zig:27   | Noticed an ancient lich
 57928 | Zig:27   | Killed an ancient lich
 57928 | Zig:27   | Noticed an ancient lich
 57929 | Zig:27   | Killed an ancient lich
 57931 | Zig:27   | Killed an ancient lich
 57931 | Zig:27   | Killed an ancient lich
 57935 | Zig:27   | Killed an ancient lich
 57946 | Zig:27   | Found the amulet of Vitality {Regen+ HP+15}
 57954 | Zig:27   | Got a translucent copper ring
 57960 | Zig:27   | Identified the ring "Tafoes" {rPois rCorr Dex+6} (You found
                  | it on level 27 of a ziggurat)
 57966 | Zig:27   | Got a warped tin ring
 57968 | Zig:27   | Identified the ring "Yghaum" {rF- rC++ rN+ Str+2 Dex+10}
                  | (You found it on level 27 of a ziggurat)
 58363 | Crypt:1  | Entered Level 1 of the Crypt
 58508 | Crypt:1  | Noticed Boris
 58514 | Crypt:1  | Killed Boris
 58738 | Crypt:1  | Reached skill level 5 in Air Magic
 59593 | Crypt:2  | Noticed Bai Suzhen
 59606 | Crypt:2  | Killed Bai Suzhen
 59936 | Crypt:2  | Got a transparent buckler
 59947 | Crypt:2  | Identified the +0 buckler of Elitism {*Contam rF+ Dex+4}
                  | (You found it on level 2 of the Crypt)
 60150 | Crypt:3  | Entered Level 3 of the Crypt
 60211 | Crypt:3  | Identified Ezisoc's Reference Book on Darkness
 60524 | Crypt:3  | Found a basalt altar of Yredelemnul.
 60892 | Crypt:3  | Found a staircase to the Tomb.
 61240 | Crypt:3  | Got a brightly glowing granite ring
 61241 | Crypt:3  | Identified the ring "Zaiqokyf" {*Drain rC+ Str+5 Int+4
                  | Stlth+} (You found it on level 3 of the Crypt)
 61891 | Tomb:1   | Entered Level 1 of the Tomb of the Ancients
 62605 | Tomb:1   | Noticed a greater mummy
 62616 | Tomb:1   | Killed a greater mummy
 62738 | Tomb:1   | Noticed a greater mummy
 62745 | Tomb:1   | Killed a greater mummy
 62750 | Tomb:1   | Lost intelligence.
 62838 | Tomb:1   | Noticed a greater mummy
 62855 | Tomb:1   | Killed a greater mummy
 62855 | Tomb:1   | Lost intelligence.
 63365 | Depths:1 | Voluntarily entered the Abyss.
 63764 | Abyss:1  | Found a corrupted altar of Lugonu.
 63804 | Abyss:1  | Found a corrupted altar of Lugonu.
 63888 | Abyss:2  | Found a corrupted altar of Lugonu.
 64248 | Abyss:4  | Found a corrupted altar of Lugonu.
 64251 | Abyss:4  | Found a basalt altar of Yredelemnul.
 64350 | Abyss:4  | Found a basalt altar of Yredelemnul.
 64365 | Abyss:4  | Found a corrupted altar of Lugonu.
 64411 | Abyss:4  | Reached skill level 10 in Air Magic
 64563 | Abyss:4  | Got a faintly glowing buckler
 64564 | Abyss:4  | Identified the cursed +0 buckler of Vudwimi {rF+++ Int+2}
                  | (You found it on level 4 of the Abyss)
 64652 | Abyss:4  | Gained mutation: Armour fits poorly on your strangely
                  | shaped body. [a neqoxec]
 65304 | Depths:1 | Escaped the Abyss
 65829 | Tomb:2   | Noticed a greater mummy
 65830 | Tomb:2   | Killed a greater mummy
 65830 | Tomb:2   | Noticed a greater mummy
 65832 | Tomb:2   | Noticed a greater mummy
 65835 | Tomb:2   | Noticed an ancient lich
 65838 | Tomb:2   | Killed an ancient lich
 65839 | Tomb:2   | Killed a greater mummy
 65840 | Tomb:2   | Killed a greater mummy
 66230 | Tomb:1   | Noticed a greater mummy
 66235 | Tomb:1   | Killed a greater mummy
 66236 | Tomb:1   | Noticed a greater mummy
 66240 | Tomb:1   | Noticed a greater mummy
 66244 | Tomb:1   | Noticed a greater mummy
 66246 | Tomb:1   | Killed a greater mummy
 66247 | Tomb:1   | Noticed a greater mummy
 66250 | Tomb:1   | Killed a greater mummy
 66250 | Tomb:1   | Killed a greater mummy
 66256 | Tomb:1   | Killed a greater mummy
 66265 | Tomb:1   | Noticed a greater mummy
 66266 | Tomb:1   | Noticed a greater mummy
 66267 | Tomb:1   | Noticed a greater mummy
 66268 | Tomb:1   | Noticed a greater mummy
 66272 | Tomb:1   | Killed a greater mummy
 66286 | Tomb:1   | Noticed a greater mummy
 66290 | Tomb:1   | Killed a greater mummy
 66291 | Tomb:1   | Killed a greater mummy
 66292 | Tomb:1   | Killed a greater mummy
 66292 | Tomb:1   | Killed a greater mummy
 66313 | Tomb:1   | Noticed a greater mummy
 66322 | Tomb:1   | Killed a greater mummy
 66626 | Tomb:1   | Noticed a greater mummy
 66637 | Tomb:1   | Killed a greater mummy
 66648 | Tomb:1   | Noticed a greater mummy
 66652 | Tomb:1   | Killed a greater mummy
 66665 | Tomb:1   | Noticed a greater mummy
 66670 | Tomb:1   | Killed a greater mummy
 66673 | Tomb:1   | Noticed a greater mummy
 66682 | Tomb:1   | Killed a greater mummy
 66683 | Tomb:1   | Noticed a greater mummy
 66693 | Tomb:1   | Killed a greater mummy
 66708 | Tomb:1   | Noticed a greater mummy
 66718 | Tomb:1   | Killed a greater mummy
 66780 | Tomb:1   | Noticed a greater mummy
 66788 | Tomb:1   | Killed a greater mummy
 66902 | Tomb:1   | Noticed a greater mummy
 66913 | Tomb:1   | Killed a greater mummy
 66916 | Tomb:1   | Noticed a greater mummy
 66927 | Tomb:1   | Killed a greater mummy
 67632 | Tomb:3   | Entered Level 3 of the Tomb of the Ancients
 67648 | Tomb:3   | Noticed a greater mummy
 67648 | Tomb:3   | Noticed a greater mummy
 67651 | Tomb:3   | Killed a greater mummy
 67651 | Tomb:3   | Noticed a greater mummy
 67653 | Tomb:3   | Killed a greater mummy
 67656 | Tomb:3   | Noticed a greater mummy
 67658 | Tomb:3   | Killed a greater mummy
 67660 | Tomb:3   | Noticed a greater mummy
 67660 | Tomb:3   | Noticed a greater mummy
 67660 | Tomb:3   | Noticed a greater mummy
 67662 | Tomb:3   | Killed a greater mummy
 67665 | Tomb:3   | Killed a greater mummy
 67665 | Tomb:3   | Noticed a greater mummy
 67668 | Tomb:3   | Killed a greater mummy
 67669 | Tomb:3   | Killed a greater mummy
 67670 | Tomb:3   | Killed a greater mummy
 68157 | Tomb:3   | Got a golden rune of Zot
 68195 | Tomb:3   | Found the +3 robe of Folly {Archmagi, MR-- Int+5}
 68196 | Tomb:3   | Found the +0 staff of Battle
 68204 | Tomb:3   | Found the +8 demon trident "Rift" {distort, reach+}
 68223 | Tomb:3   | Identified the Disquisition on the Compass
 68807 | Vaults:2 | Learned a level 6 spell: Eringya's Noxious Bog
 69045 | Pan      | Entered Pandemonium
 69112 | Pan      | Reached skill level 1 in Transmutations
 69222 | Pan      | Noticed Meuceeve the pandemonium lord
 69224 | Pan      | Reached skill level 1 in Poison Magic
 69233 | Pan      | Killed Meuceeve the pandemonium lord
 69285 | Pan      | Lost mutation: You have an increased reservoir of magic.
                  | (+10% MP) [a neqoxec]
 70335 | Pan      | Noticed Saran the pandemonium lord
 70357 | Pan      | Killed Saran the pandemonium lord
 70755 | Pan      | Reached skill level 5 in Transmutations
 71400 | Pan      | Reached skill level 5 in Poison Magic
 71733 | Pan      | Found a runed translucent door.
 71807 | Pan      | Noticed Cala the pandemonium lord
 71812 | Pan      | Killed Cala the pandemonium lord
 71822 | Pan      | Entered the realm of Cerebov.
 71837 | Pan      | Identified the Handbook of Bewitching Ignition (You
                  | acquired it in Pandemonium)
 71837 | Pan      | Identified the +0 helmet "Anemapue" {Regen+ Int+4} (You
                  | acquired it in Pandemonium)
 71837 | Pan      | Identified the ring of Isaytyocw {rF+ rC+ MR+ Str+2 Dex-3}
                  | (You acquired it in Pandemonium)
 71856 | Pan      | Found an exit through the horrors of the Abyss.
 72455 | Pan      | Identified the +6 sword of Cerebov {flame}
 72455 | Pan      | Noticed Cerebov
 72463 | Pan      | Killed Cerebov
 72496 | Pan      | Got a fiery rune of Zot
 72670 | Pan      | Identified the Reference Book on the Voyage and Arcane
                  | Weapons
 72843 | Pan      | Identified the Collected Works on Benedictions and
                  | Weightlessness
 73141 | Pan      | Found a runed translucent door.
 73498 | Pan      | Found an exit through the horrors of the Abyss.
 73571 | Pan      | Lost mutation: Your muscles are strong. (Str +2) [potion of
                  | mutation]
 73571 | Pan      | Lost mutation: Armour fits poorly on your strangely shaped
                  | body. [potion of mutation]
 73571 | Pan      | Gained mutation: Your mind is acute. (Int +2) [potion of
                  | mutation]
 73571 | Pan      | Gained mutation: You can translocate small distances at
                  | will. [potion of mutation]
 73571 | Pan      | Gained mutation: Your muscles are strong. (Str +2) [potion
                  | of mutation]
 73571 | Pan      | Gained mutation: Your spells are harder to cast, but more
                  | powerful. [potion of mutation]
 73809 | Pan      | Noticed Toec Qau the pandemonium lord
 73812 | Pan      | Killed Toec Qau the pandemonium lord
 73869 | Pan      | Noticed Erana the pandemonium lord
 73873 | Pan      | Killed Erana the pandemonium lord
 74330 | Pan      | Lost mutation: Your muscles are strong. (Str +2) [a
                  | cacodemon]
 74333 | Pan      | Gained mutation: You occasionally shout uncontrollably at
                  | your foes. [a cacodemon]
 74761 | Pan      | Found an exit through the horrors of the Abyss.
 75169 | Pan      | Noticed Weil the pandemonium lord
 75173 | Pan      | Reached skill level 10 in Transmutations
 75178 | Pan      | Killed Weil the pandemonium lord
 75190 | Pan      | Found a runed translucent door.
 75835 | Pan      | Got a demonic rune of Zot
 75971 | Pan      | Entered the realm of Mnoleg.
 76133 | Pan      | Noticed Mnoleg
 76142 | Pan      | Killed Mnoleg
 76178 | Pan      | Got a warped large shield
 76179 | Pan      | Identified the +0 large shield of the Moon {Stlth+} (You
                  | found it in Pandemonium)
 76275 | Pan      | Got a glowing rune of Zot
 76391 | Pan      | Gained mutation: You are frail. (-10% HP) [a neqoxec]
 76397 | Pan      | Lost mutation: You can translocate small distances at will.
                  | [a shining eye]
 76405 | Pan      | Lost mutation: Your mind is acute. (Int +2) [potion of
                  | mutation]
 76405 | Pan      | Lost mutation: You are frail. (-10% HP) [potion of
                  | mutation]
 76405 | Pan      | Gained mutation: You are partially covered in icy blue
                  | scales. (AC +2) [potion of mutation]
 76405 | Pan      | Gained mutation: You are covered in fur. (AC +1) [potion of
                  | mutation]
 76478 | Pan      | Gained mutation: You tend to lose your temper in combat. [a
                  | cacodemon]
 76491 | Pan      | Gained mutation: You are frail. (-10% HP) [a cacodemon]
 76505 | Pan      | Lost mutation: Your spells are harder to cast, but more
                  | powerful. [potion of mutation]
 76505 | Pan      | Lost mutation: You occasionally shout uncontrollably at
                  | your foes. [potion of mutation]
 76505 | Pan      | Lost mutation: Your spells are a little harder to cast, but
                  | a little more powerful. [potion of mutation]
 76505 | Pan      | Lost mutation: You are partially covered in icy blue
                  | scales. (AC +2) [potion of mutation]
 76505 | Pan      | Lost mutation: You tend to lose your temper in combat.
                  | [potion of mutation]
 76505 | Pan      | Gained mutation: You expend magic power (3 MP) to
                  | strengthen your wands. [potion of mutation]
 76506 | Pan      | Lost mutation: You are resistant to electric shocks.
                  | (rElec) [potion of mutation]
 76506 | Pan      | Lost mutation: You are frail. (-10% HP) [potion of
                  | mutation]
 76506 | Pan      | Gained mutation: You are weak. (Str -2) [potion of
                  | mutation]
 76506 | Pan      | Gained mutation: You are partially covered in yellow
                  | scales. (AC +2) [potion of mutation]
 76506 | Pan      | Gained mutation: You are somewhat resistant to further
                  | mutation. [potion of mutation]
 76600 | Pan      | Lost mutation: You are weak. (Str -2) [potion of mutation]
 76600 | Pan      | Lost mutation: You are partially covered in yellow scales.
                  | (AC +2) [potion of mutation]
 76600 | Pan      | Gained mutation: Your spells are a little harder to cast,
                  | but a little more powerful. [potion of mutation]
 76923 | Pan      | Identified the Tome of Gliding Toxins
 77013 | Pan      | Found an exit through the horrors of the Abyss.
 77084 | Pan      | Gained mutation: You are dopey. (Int -2) [a neqoxec]
 77199 | Pan      | Noticed Dekhaoff the pandemonium lord
 77207 | Pan      | Killed Dekhaoff the pandemonium lord
 77207 | Pan      | Reached skill level 10 in Poison Magic
 77559 | Pan      | Noticed Etol the pandemonium lord
 77567 | Pan      | Killed Etol the pandemonium lord
 78343 | Pan      | Noticed Gumere the pandemonium lord
 78686 | Pan      | Killed Gumere the pandemonium lord
 78915 | Pan      | Found an exit through the horrors of the Abyss.
 79060 | Pan      | Entered the realm of Gloorx Vloq.
 79092 | Pan      | Noticed Gloorx Vloq
 79094 | Pan      | Killed Gloorx Vloq
 79094 | Pan      | Got a dark rune of Zot
 79197 | Pan      | Found an exit through the horrors of the Abyss.
 79271 | Pan      | Noticed Ziklem the pandemonium lord
 79289 | Pan      | Killed Ziklem the pandemonium lord
 79607 | Pan      | Noticed Cerhif the pandemonium lord
 79619 | Pan      | Killed Cerhif the pandemonium lord
 79965 | Pan      | Found an exit through the horrors of the Abyss.
 80172 | Pan      | Noticed Voerril the pandemonium lord
 80180 | Pan      | Killed Voerril the pandemonium lord
 80180 | Pan      | Reached skill level 27 in Long Blades
 80190 | Pan      | Gained mutation: Potions are less effective at restoring
                  | your health. [a neqoxec]
 80396 | Pan      | Noticed Zuzevakk the pandemonium lord
 80396 | Pan      | Noticed Zuzevakk the pandemonium lord
 80401 | Pan      | Killed Zuzevakk the pandemonium lord
 80620 | Pan      | Lost mutation: You are somewhat resistant to further
                  | mutation. [potion of mutation]
 80620 | Pan      | Lost mutation: Potions are less effective at restoring your
                  | health. [potion of mutation]
 80620 | Pan      | Lost mutation: Your spells are a little harder to cast, but
                  | a little more powerful. [potion of mutation]
 80620 | Pan      | Gained mutation: You are partially covered in molten
                  | scales. (AC +2) [potion of mutation]
 80620 | Pan      | Gained mutation: You are frail. (-10% HP) [potion of
                  | mutation]
 80620 | Pan      | Gained mutation: Your movements are slightly less
                  | encumbered by armour. (ER -2) [potion of mutation]
 80621 | Pan      | Lost mutation: You are frail. (-10% HP) [potion of
                  | mutation]
 80621 | Pan      | Lost mutation: You expend magic power (3 MP) to strengthen
                  | your wands. [potion of mutation]
 80621 | Pan      | Lost mutation: You are dopey. (Int -2) [potion of mutation]
 80621 | Pan      | Gained mutation: You evolve. [potion of mutation]
 80621 | Pan      | Gained mutation: You have large cloven feet. [potion of
                  | mutation]
 80655 | Pan      | Gained mutation: Your body sometimes deteriorates upon
                  | taking damage. [a cacodemon]
 81832 | Pan      | Found an exit through the horrors of the Abyss.
 81945 | Pan      | Noticed Welogouw the pandemonium lord
 81955 | Pan      | Killed Welogouw the pandemonium lord
 82164 | Pan      | Lost mutation: Your body sometimes deteriorates upon taking
                  | damage. [evolution]
 82356 | Pan      | Entered the realm of Lom Lobon.
 82420 | Pan      | Found an exit through the horrors of the Abyss.
 82707 | Pan      | Reached skill level 15 in Transmutations
 82898 | Pan      | Noticed Lom Lobon
 82908 | Pan      | Killed Lom Lobon
 82931 | Pan      | Got a magical rune of Zot
 83161 | Pan      | Took an exit into the Abyss.
 83161 | Abyss:1  | Escaped into the Abyss
 83161 | Abyss:1  | Found a corrupted altar of Lugonu.
 83246 | Depths:3 | Escaped the Abyss
 83535 | Hell     | Entered the Vestibule of Hell
 83555 | Hell     | Noticed Geryon
 83567 | Hell     | Killed Geryon
 83669 | Hell     | Found a gateway to the Iron City of Dis.
 83701 | Hell     | Found a gateway to the ashen valley of Gehenna.
 83751 | Hell     | Found a gateway to the decaying netherworld of Tartarus.
 83891 | Hell     | Found a gateway to the freezing wastes of Cocytus.
 84546 | Vaults:2 | Upgraded the game from 0.25-a0-404-gc1b5a34 to
                  | 0.25-a0-410-g53dbb63
 85223 | Coc:1    | Entered Level 1 of Cocytus
 86775 | Coc:3    | You fall into a shaft and drop 2 floors!
 86957 | Coc:5    | You fall into a shaft and drop 1 floor!
 87076 | Coc:6    | You fall into a shaft and drop 1 floor!
 87076 | Coc:7    | Entered Level 7 of Cocytus
 87320 | Coc:7    | Noticed Antaeus
 87334 | Coc:7    | Killed Antaeus
 87515 | Coc:7    | Reached skill level 27 in Fighting
 87517 | Coc:7    | Got an icy rune of Zot
 88048 | Dis:1    | Entered Level 1 of the Iron City of Dis
 88476 | Dis:3    | Reached skill level 27 in Armour
 88633 | Dis:3    | Lost mutation: You have large cloven feet. [evolution]
 89109 | Dis:6    | Reached skill level 27 in Shields
 89331 | Dis:7    | Entered Level 7 of the Iron City of Dis
 90000 | Dis:7    | Identified the amulet of Twilight {Faith Str+2}
 90003 | Dis:7    | Identified the +12 long sword of Ywaips {slice, Int+4}
 90007 | Dis:7    | Reached skill level 10 in Spellcasting
 90013 | Dis:7    | Identified the +4 staff of Dispater
 90013 | Dis:7    | Noticed Dispater
 90022 | Dis:7    | Killed Dispater
 90039 | Dis:7    | Got an iron rune of Zot
 90075 | Dis:7    | Gained mutation: Armour fits poorly on your strangely
                  | shaped body. [mutagenic glow]
 90138 | Dis:7    | Gained mutation: Your body sometimes deteriorates upon
                  | taking damage. [mutagenic glow]
 90276 | Hell     | Lost mutation: You are partially covered in molten scales.
                  | (AC +2) [potion of mutation]
 90276 | Hell     | Lost mutation: Your body sometimes deteriorates upon taking
                  | damage. [potion of mutation]
 90276 | Hell     | Lost mutation: You are partially covered in thin metallic
                  | scales. (AC +2) [potion of mutation]
 90276 | Hell     | Lost mutation: Armour fits poorly on your strangely shaped
                  | body. [potion of mutation]
 90276 | Hell     | Lost mutation: Your movements are slightly less encumbered
                  | by armour. (ER -2) [potion of mutation]
 90276 | Hell     | Gained mutation: Your muscles are strong. (Str +2) [potion
                  | of mutation]
 90415 | Hell     | Lost mutation: Your muscles are strong. (Str +2) [potion of
                  | mutation]
 90415 | Hell     | Lost mutation: You evolve. [potion of mutation]
 90415 | Hell     | Lost mutation: You are covered in fur. (AC +1) [potion of
                  | mutation]
 90415 | Hell     | Gained mutation: You expend magic power (3 MP) to
                  | strengthen your wands. [potion of mutation]
 90415 | Hell     | Gained mutation: You are partially covered in large bone
                  | plates. (SH +4) [potion of mutation]
 90416 | Hell     | Lost mutation: You expend magic power (3 MP) to strengthen
                  | your wands. [potion of mutation]
 90416 | Hell     | Lost mutation: You are partially covered in large bone
                  | plates. (SH +4) [potion of mutation]
 90416 | Hell     | Gained mutation: Your muscles are strong. (Str +2) [potion
                  | of mutation]
 90416 | Hell     | Gained mutation: You are covered in fur. (AC +1) [potion of
                  | mutation]
 90419 | Tar:1    | Entered Level 1 of Tartarus
 91423 | Tar:7    | Entered Level 7 of Tartarus
 91423 | Tar:7    | Noticed Ereshkigal
 91726 | Tar:7    | Killed Ereshkigal
 91773 | Tar:7    | Found the +3 giant club "Skullcrusher" {speed, Str+7}
 91841 | Tar:7    | Got a bone rune of Zot
 92034 | Tar:7    | Noticed an ancient lich
 92036 | Tar:7    | Noticed an ancient lich
 92041 | Tar:7    | Killed an ancient lich
 92042 | Tar:7    | Killed an ancient lich
 92046 | Tar:7    | Identified Sif Muna's Almanac of the Creative Traveller
 92051 | Tar:7    | Got a transparent tin amulet
 92052 | Tar:7    | Identified the amulet "Leempuil" {RegenMP MP+9} (You found
                  | it on level 7 of Tartarus)
 92083 | Tar:7    | Got a bound glass ring
 92084 | Tar:7    | Identified the ring "Xozias" {rPois rC+ rN+ Int+2} (You
                  | found it on level 7 of Tartarus)
 92162 | Tar:7    | Found the +5 scythe "Finisher" {speed, eviscerate}
 92240 | Tar:7    | Got a bound golden ring
 92257 | Tar:7    | Identified the ring "Burupnag" {+Fly rCorr Str-3 Slay+2}
                  | (You found it on level 7 of Tartarus)
 92351 | Hell     | Learned a level 6 spell: Deflect Missiles
 92356 | Hell     | Learned a level 4 spell: Passage of Golubria
 92408 | Geh:1    | Entered Level 1 of Gehenna
 92468 | Geh:2    | Reached skill level 1 in Translocations
 92714 | Geh:2    | Reached skill level 15 in Spellcasting
 93240 | Geh:5    | Reached skill level 5 in Translocations
 93338 | Geh:5    | You fall into a shaft and drop 1 floor!
 93357 | Geh:7    | Entered Level 7 of Gehenna
 93601 | Geh:7    | Noticed the Serpent of Hell
 93612 | Geh:7    | Killed the Serpent of Hell
 93664 | Geh:7    | Identified the +7 sceptre of Asmodeus
 93664 | Geh:7    | Noticed Asmodeus
 93666 | Geh:7    | Found the +2 robe of Vines {NoPotionHeal Regen+7}
 93674 | Geh:7    | Killed Asmodeus
 93697 | Geh:7    | Got an obsidian rune of Zot
 93730 | Geh:7    | Got a fine chain mail
 93770 | Geh:7    | Got an ichor-stained buckler
 93923 | Depths:1 | Identified the cursed +0 buckler of Pessimism {*Contam SInv
                  | Stlth+} (You found it on level 7 of Gehenna)
 93925 | Depths:1 | Identified the +4 chain mail of Uskayaw's Pride {-Cast
                  | rElec MR++ Regen+} (You found it on level 7 of Gehenna)
 94182 | Zig:1    | Entered Level 1 of a ziggurat
 94209 | Zig:1    | Learned a level 9 spell: Dragon's Call
 94210 | Zig:2    | Entered Level 2 of a ziggurat
 94217 | Zig:2    | Reached skill level 1 in Summonings
 94345 | Zig:3    | Entered Level 3 of a ziggurat
 94348 | Zig:3    | Noticed Dunkem the pandemonium lord
 94355 | Zig:3    | Killed Dunkem the pandemonium lord
 94360 | Zig:3    | Reached skill level 5 in Summonings
 94366 | Zig:3    | Identified the Guide on Enchantment
 94431 | Zig:4    | Entered Level 4 of a ziggurat
 94602 | Zig:5    | Entered Level 5 of a ziggurat
 94652 | Zig:6    | Entered Level 6 of a ziggurat
 94659 | Zig:6    | Noticed Henoetagh the pandemonium lord
 94671 | Zig:6    | Killed Henoetagh the pandemonium lord
 94677 | Zig:6    | Identified the Papyrus of the Frostbite
 94745 | Zig:7    | Entered Level 7 of a ziggurat
 94756 | Zig:7    | Identified the +7 large shield of the Hippo {Regen+ rCorr}
 94757 | Zig:7    | Reached skill level 10 in Summonings
 95032 | Zig:8    | Entered Level 8 of a ziggurat
 95038 | Zig:8    | Noticed Nonwuqe the pandemonium lord
 95048 | Zig:8    | Killed Nonwuqe the pandemonium lord
 95103 | Zig:9    | Entered Level 9 of a ziggurat
 95252 | Zig:10   | Entered Level 10 of a ziggurat
 95362 | Zig:11   | Entered Level 11 of a ziggurat
 95376 | Zig:11   | Found the ring of Phasing {EV+8}
 95399 | Zig:11   | Identified the Volume of Earthen Changing
 95460 | Zig:12   | Entered Level 12 of a ziggurat
 95479 | Zig:12   | Found the +4 robe of Augmentation {Str+4 Int+4 Dex+4}
 95480 | Zig:12   | Reached skill level 15 in Summonings
 95500 | Zig:12   | Got a scintillating crystal amulet
 95505 | Zig:12   | Identified the amulet of Usmuxack {+Rage rF+ rN+} (You
                  | found it on level 12 of a ziggurat)
 95575 | Zig:13   | Entered Level 13 of a ziggurat
 95591 | Zig:13   | Found the +15 Maxwell's patent armour {-Cast -Tele rElec
                  | MR+ rCorr}
 95612 | Zig:13   | Got an ancient lead ring
 95613 | Zig:13   | Identified the ring "Kioteeh" {Fire Str+3} (You found it on
                  | level 13 of a ziggurat)
 95847 | Zig:14   | Entered Level 14 of a ziggurat
 95950 | Zig:15   | Entered Level 15 of a ziggurat
 95964 | Zig:15   | Noticed an ancient lich
 95970 | Zig:15   | Found the +9 staff of Olgreb {rPois∞}
 95971 | Zig:15   | Found the +2 pair of boots of the Assassin {Detection Stab+
                  | Stlth++}
 95973 | Zig:15   | Killed an ancient lich
 96020 | Zig:16   | Entered Level 16 of a ziggurat
 96069 | Zig:16   | Identified the ring "Heze" {+Blink rElec rF+ rCorr} (You
                  | found it on level 16 of a ziggurat)
 96078 | Zig:16   | Identified Mostrobef's Handbook of Destructive Displacement
 96079 | Zig:16   | Identified the Guide on Cloudy Snow
 96185 | Zig:17   | Entered Level 17 of a ziggurat
 96377 | Zig:18   | Entered Level 18 of a ziggurat
 96406 | Zig:18   | Found the macabre finger necklace {rN+}
 96603 | Zig:18   | Identified the Tome of Ensnaring Battle Magic
 96626 | Zig:19   | Entered Level 19 of a ziggurat
 96735 | Zig:19   | Got a flickering brass ring
 96763 | Zig:19   | Got a wavering diamond amulet
 96776 | Zig:19   | Got an ancient iron ring
 96790 | Zig:19   | Identified the ring "Ykiughaogu" {Fire Str-2 Int+3 Dex+3}
                  | (You found it on level 19 of a ziggurat)
 96791 | Zig:19   | Identified the amulet of Leaves {Faith Dex+2 SInv} (You
                  | found it on level 19 of a ziggurat)
 96792 | Zig:19   | Identified the cursed ring of Pride {+Fly rN+++ AC-3 Dex-3}
                  | (You found it on level 19 of a ziggurat)
 96800 | Zig:20   | Entered Level 20 of a ziggurat
 96852 | Zig:20   | Identified Zamedam's Handbook of Igneous Battle Magic
 96866 | Zig:20   | Identified the +2 large shield of Zejud {Dex+3} (You
                  | acquired it on level 20 of a ziggurat)
 96879 | Zig:20   | Lost mutation: Your muscles are strong. (Str +2) [potion of
                  | mutation]
 96879 | Zig:20   | Lost mutation: You are covered in fur. (AC +1) [potion of
                  | mutation]
 96879 | Zig:20   | Gained mutation: You have large cloven feet. [potion of
                  | mutation]
 96879 | Zig:20   | Gained mutation: Your flesh is cold resistant. (rC+)
                  | [potion of mutation]
 96880 | Zig:20   | Lost mutation: You have large cloven feet. [potion of
                  | mutation]
 96880 | Zig:20   | Gained mutation: Your magical capacity is low. (-10% MP)
                  | [potion of mutation]
 96880 | Zig:20   | Gained mutation: Your muscles are strong. (Str +2) [potion
                  | of mutation]
 96881 | Zig:20   | Lost mutation: Your magical capacity is low. (-10% MP)
                  | [potion of mutation]
 96881 | Zig:20   | Lost mutation: Your muscles are strong. (Str +2) [potion of
                  | mutation]
 96881 | Zig:20   | Gained mutation: Your magical capacity is low. (-10% MP)
                  | [potion of mutation]
 96881 | Zig:20   | Gained mutation: You have sharp fingernails. [potion of
                  | mutation]
 96882 | Zig:20   | Lost mutation: You have sharp fingernails. [potion of
                  | mutation]
 96882 | Zig:20   | Gained mutation: You are partially covered in yellow
                  | scales. (AC +2) [potion of mutation]
 96882 | Zig:20   | Gained mutation: You are frail. (-10% HP) [potion of
                  | mutation]
 96882 | Zig:20   | Gained mutation: Your muscles are strong. (Str +2) [potion
                  | of mutation]
 96883 | Zig:20   | Lost mutation: Your muscles are strong. (Str +2) [potion of
                  | mutation]
 96883 | Zig:20   | Lost mutation: Your magical capacity is low. (-10% MP)
                  | [potion of mutation]
 96883 | Zig:20   | Gained mutation: Your movements are slightly less
                  | encumbered by armour. (ER -2) [potion of mutation]
 96883 | Zig:20   | Gained mutation: Your magical capacity is low. (-10% MP)
                  | [potion of mutation]
 96883 | Zig:20   | Gained mutation: You have a pair of small horns on your
                  | head. [potion of mutation]
 96884 | Zig:20   | Lost mutation: Your flesh is cold resistant. (rC+) [potion
                  | of mutation]
 96884 | Zig:20   | Lost mutation: You are frail. (-10% HP) [potion of
                  | mutation]
 96884 | Zig:20   | Gained mutation: You passively map a small area around you.
                  | [potion of mutation]
 96884 | Zig:20   | Gained mutation: You are partially covered in large bone
                  | plates. (SH +4) [potion of mutation]
 96943 | Zig:21   | Entered Level 21 of a ziggurat
 97005 | Zig:21   | Found the +3 robe of Clouds {+Thunder rCloud rElec}
 97014 | Zig:21   | Identified Tuixtost's Collected Works on Supportive Stones
 97018 | Zig:21   | Identified the Reference Book on the Scorching Birds
 97024 | Zig:21   | Identified Sif Muna's Guide on Feathers and Orientation
 97065 | Zig:22   | Entered Level 22 of a ziggurat
 97084 | Zig:22   | Noticed an ancient lich
 97085 | Zig:22   | Noticed an ancient lich
 97087 | Zig:22   | Noticed an ancient lich
 97087 | Zig:22   | Noticed an ancient lich
 97088 | Zig:22   | Noticed an ancient lich
 97090 | Zig:22   | Killed an ancient lich
 97090 | Zig:22   | Killed an ancient lich
 97091 | Zig:22   | Killed an ancient lich
 97091 | Zig:22   | Noticed an ancient lich
 97092 | Zig:22   | Killed an ancient lich
 97092 | Zig:22   | Killed an ancient lich
 97097 | Zig:22   | Killed an ancient lich
 97099 | Zig:22   | Found the +4 skin of Zhor {Hibernate rC+++ SInv}
 97107 | Zig:22   | Identified the Disquisition on Conjuration and Air
 97110 | Zig:22   | Reached skill level 27 in Summonings
 97122 | Zig:22   | Got a fine steel ring
 97131 | Zig:22   | Identified Giucauxu's Papyrus of the Glacier and Aid
 97141 | Zig:22   | Identified the ring "Ezxeuloe" {+Fly rF+ MR- Str+4} (You
                  | found it on level 22 of a ziggurat)
 97144 | Zig:23   | Entered Level 23 of a ziggurat
 97165 | Zig:23   | Reached skill level 10 in Translocations
 97209 | Zig:23   | Found the +9 scales of the Dragon King {rPois rF+ rC+ MR+}
 97238 | Zig:23   | Identified the Disquisition on the Compass
 97241 | Zig:23   | Identified the Almanac of the Cankerous Arsonist
 97321 | Zig:24   | Entered Level 24 of a ziggurat
 97339 | Zig:24   | Noticed a greater mummy
 97339 | Zig:24   | Noticed a greater mummy
 97340 | Zig:24   | Noticed a greater mummy
 97341 | Zig:24   | Noticed a greater mummy
 97345 | Zig:24   | Killed a greater mummy
 97346 | Zig:24   | Killed a greater mummy
 97346 | Zig:24   | Noticed a greater mummy
 97347 | Zig:24   | Killed a greater mummy
 97347 | Zig:24   | Noticed a greater mummy
 97347 | Zig:24   | Noticed a greater mummy
 97350 | Zig:24   | Killed a greater mummy
 97350 | Zig:24   | Noticed a greater mummy
 97351 | Zig:24   | Noticed a greater mummy
 97351 | Zig:24   | Noticed a greater mummy
 97351 | Zig:24   | Noticed a greater mummy
 97351 | Zig:24   | Noticed a greater mummy
 97353 | Zig:24   | Killed a greater mummy
 97358 | Zig:24   | Killed a greater mummy
 97362 | Zig:24   | Noticed a greater mummy
 97363 | Zig:24   | Killed a greater mummy
 97363 | Zig:24   | Noticed a greater mummy
 97363 | Zig:24   | Noticed a greater mummy
 97363 | Zig:24   | Noticed a greater mummy
 97364 | Zig:24   | Killed a greater mummy
 97364 | Zig:24   | Killed a greater mummy
 97364 | Zig:24   | Noticed a greater mummy
 97365 | Zig:24   | Noticed a greater mummy
 97367 | Zig:24   | Killed a greater mummy
 97367 | Zig:24   | Killed a greater mummy
 97368 | Zig:24   | Killed a greater mummy
 97368 | Zig:24   | Reached skill level 15 in Translocations
 97368 | Zig:24   | Killed a greater mummy
 97371 | Zig:24   | Killed a greater mummy
 97371 | Zig:24   | Killed a greater mummy
 97372 | Zig:24   | Killed a greater mummy
 97374 | Zig:24   | Killed a greater mummy
 97377 | Zig:24   | Killed a greater mummy
 97577 | Zig:24   | Identified the Papyrus of Unstable Evil Rituals
 97578 | Zig:24   | Identified Sitaul's Incunabulum of the Nocuous Arsonist
 97586 | Zig:24   | Got a pitted iron ring
 97587 | Zig:24   | Identified the ring of Knowledge {Fire *Contam rElec rPois
                  | Str+4} (You found it on level 24 of a ziggurat)
 97616 | Zig:25   | Entered Level 25 of a ziggurat
 97670 | Zig:25   | Noticed an ancient lich
 97675 | Zig:25   | Killed an ancient lich
 97685 | Zig:25   | Killed a starcursed mass
 97715 | Zig:25   | Found the +8 arc blade {discharge, rElec}
 98091 | Zig:25   | Identified Sif Muna's Tome of Dusty Dislocation
 98096 | Zig:25   | Got a transparent pewter amulet
 98100 | Zig:25   | Identified the +2 pair of boots "Cuquerig" {rElec Int+2}
                  | (You acquired it on level 25 of a ziggurat)
 98110 | Zig:25   | Identified the amulet of the Fifty Shrikes {RegenMP Dex+4}
                  | (You found it on level 25 of a ziggurat)
 98129 | Zig:26   | Entered Level 26 of a ziggurat
 98179 | Zig:26   | Got a wavering ivory ring
 98193 | Zig:26   | Got a twitching glass ring
 98194 | Zig:26   | Identified the Papyrus of Moulding
 98288 | Zig:26   | Identified the ring "Yddir" {rElec SInv Stlth+} (You found
                  | it on level 26 of a ziggurat)
 98292 | Zig:26   | Identified the ring of Starshine {rF+ MP+9 Str+4} (You
                  | found it on level 26 of a ziggurat)
 98295 | Zig:27   | Entered Level 27 of a ziggurat
 98342 | Zig:27   | Reached skill level 15 in Air Magic
 98390 | Zig:27   | Got a heavily runed tin ring
 98391 | Zig:27   | Identified the ring of the Scavenger {Wiz rF+ MP+9} (You
                  | found it on level 27 of a ziggurat)
100008 | Orc:2    | Bought the +6 shillelagh "Devastator" {shatter} for 1380
                  | gold pieces
100008 | Orc:2    | Found the +6 shillelagh "Devastator" {shatter}
100320 | Zig:1    | Entered Level 1 of a ziggurat
100336 | Zig:2    | Entered Level 2 of a ziggurat
100359 | Zig:3    | Entered Level 3 of a ziggurat
100408 | Zig:4    | Entered Level 4 of a ziggurat
100433 | Zig:5    | Entered Level 5 of a ziggurat
100472 | Zig:6    | Entered Level 6 of a ziggurat
100535 | Zig:7    | Entered Level 7 of a ziggurat
100540 | Zig:7    | Noticed a juggernaut
100541 | Zig:7    | Noticed a juggernaut
100542 | Zig:7    | Noticed a juggernaut
100545 | Zig:7    | Killed a juggernaut
100551 | Zig:7    | Killed a juggernaut
100552 | Zig:7    | Killed a juggernaut
100560 | Zig:7    | Got a twitching steel amulet
100561 | Zig:7    | Identified the amulet "Ussasin" {Harm *Drain Fragile rC+
                  | MR+ Int+3} (You found it on level 7 of a ziggurat)
100562 | Zig:7    | Identified Degosses's Papyrus of Hexes and the Voyage
100574 | Zig:8    | Entered Level 8 of a ziggurat
100631 | Zig:9    | Entered Level 9 of a ziggurat
100638 | Zig:9    | Noticed a greater mummy
100638 | Zig:9    | Noticed a greater mummy
100639 | Zig:9    | Noticed a greater mummy
100639 | Zig:9    | Noticed a greater mummy
100639 | Zig:9    | Noticed a greater mummy
100645 | Zig:9    | Noticed a greater mummy
100651 | Zig:9    | Killed a greater mummy
100653 | Zig:9    | Killed a greater mummy
100654 | Zig:9    | Killed a greater mummy
100655 | Zig:9    | Killed a greater mummy
100657 | Zig:9    | Killed a greater mummy
100658 | Zig:9    | Killed a greater mummy
100941 | Zig:10   | Entered Level 10 of a ziggurat
100953 | Zig:10   | Noticed an ancient lich
100965 | Zig:10   | Killed an ancient lich
100978 | Zig:10   | Identified Zutoged's Grimoire of Ghastly Heat
100982 | Zig:10   | Got an ancient brass amulet
101002 | Zig:10   | Identified the amulet "Pavihod" {Spirit +Blink Str+2 Dex-4}
                  | (You found it on level 10 of a ziggurat)
101117 | Zig:11   | Entered Level 11 of a ziggurat
101168 | Zig:11   | Learned a level 9 spell: Tornado
101169 | Zig:11   | Identified Toyniowk's Incunabulum of the Ashen Frostbite
101288 | Zig:12   | Entered Level 12 of a ziggurat
101304 | Zig:12   | Gained mutation: You occasionally shout uncontrollably at
                  | your foes. [a neqoxec]
101314 | Zig:12   | Paralysed by accursed screaming for 1 turns
101335 | Zig:12   | Got a glittering golden ring
101345 | Zig:12   | Identified the ring of Cefyzacs {Wiz rF+ rN+ MR+ Int+3}
                  | (You found it on level 12 of a ziggurat)
101400 | Zig:13   | Entered Level 13 of a ziggurat
101415 | Zig:13   | Found the +2 Maxwell's thermic engine {flame, freeze}
101459 | Zig:13   | Got a serpentine platinum ring
101467 | Zig:13   | Identified the ring of Vehumet's Pride {Ice Str+5 Int+4
                  | Dex-4} (You found it on level 13 of a ziggurat)
101470 | Zig:14   | Entered Level 14 of a ziggurat
101516 | Zig:14   | Got a clouded bone ring
101517 | Zig:14   | Identified the ring "Soqabb" {rC+ Str+4} (You found it on
                  | level 14 of a ziggurat)
101703 | Zig:15   | Entered Level 15 of a ziggurat
101755 | Zig:15   | Identified the Papyrus of Conjuration and Black Arts
101815 | Zig:16   | Entered Level 16 of a ziggurat
101869 | Zig:16   | Identified Legraotel's Disquisition on Lightness
101879 | Zig:17   | Entered Level 17 of a ziggurat
101887 | Zig:17   | Noticed a greater mummy
101888 | Zig:17   | Noticed a greater mummy
101894 | Zig:17   | Noticed a greater mummy
101894 | Zig:17   | Noticed a greater mummy
101896 | Zig:17   | Noticed a greater mummy
101896 | Zig:17   | Noticed a greater mummy
101896 | Zig:17   | Noticed a greater mummy
101897 | Zig:17   | Killed a greater mummy
101897 | Zig:17   | Killed a greater mummy
101897 | Zig:17   | Noticed a greater mummy
101899 | Zig:17   | Killed a greater mummy
101900 | Zig:17   | Killed a greater mummy
101900 | Zig:17   | Killed a greater mummy
101900 | Zig:17   | Noticed a greater mummy
101900 | Zig:17   | Noticed a greater mummy
101901 | Zig:17   | Killed a greater mummy
101902 | Zig:17   | Killed a greater mummy
101902 | Zig:17   | Killed a greater mummy
101904 | Zig:17   | Killed a greater mummy
101907 | Zig:17   | Noticed a greater mummy
101907 | Zig:17   | Noticed a greater mummy
101909 | Zig:17   | Killed a greater mummy
101911 | Zig:17   | Killed a greater mummy
101913 | Zig:17   | Killed a greater mummy
101931 | Zig:17   | Found the +7 mace of Variability {chain chaos}
102092 | Zig:18   | Entered Level 18 of a ziggurat
102162 | Zig:18   | Got a heavily runed helmet
102163 | Zig:18   | Identified the +4 helmet of Darkness {*Corrode rElec rF+
                  | rN+++} (You found it on level 18 of a ziggurat)
102174 | Zig:18   | Got a pair of jewelled boots
102175 | Zig:18   | Identified the +2 pair of boots of Analysis {Str+3} (You
                  | found it on level 18 of a ziggurat)
102242 | Zig:19   | Entered Level 19 of a ziggurat
102624 | Zig:19   | Got a steaming garnet amulet
102642 | Zig:19   | Got a coiled glass ring
102677 | Zig:19   | Identified the amulet of Creativity {+Rage rC+ rN+ Int+2
                  | Dex-2} (You found it on level 19 of a ziggurat)
102678 | Zig:19   | Identified the ring of the Enemy {Ice Int+5 Dex-5} (You
                  | found it on level 19 of a ziggurat)
102691 | Zig:20   | Entered Level 20 of a ziggurat
102716 | Zig:20   | Noticed Plog the pandemonium lord
102723 | Zig:20   | Killed Plog the pandemonium lord
102891 | Zig:21   | Entered Level 21 of a ziggurat
102909 | Zig:21   | Noticed a juggernaut
102912 | Zig:21   | Killed a juggernaut
102913 | Zig:21   | Noticed a juggernaut
102916 | Zig:21   | Killed a juggernaut
102965 | Zig:21   | Got a smoking marble ring
102966 | Zig:21   | Identified the Tome of the Arsonist and the Entourage
102978 | Zig:21   | Identified the cursed ring of Danuck {rElec rF+ rC- EV-3
                  | Stlth+} (You found it on level 21 of a ziggurat)
103034 | Zig:22   | Entered Level 22 of a ziggurat
103064 | Zig:22   | Reached skill level 27 in Spellcasting
103068 | Zig:22   | Reached skill level 27 in Air Magic
103200 | Zig:22   | Got a bound silver ring
103206 | Zig:22   | Got an ichor-stained fustibalus
103220 | Zig:22   | Got faintly glowing steam dragon scales
103232 | Zig:22   | Identified the ring "Gebof" {+Fly rN+ Str-5 Int+5 Dex+5}
                  | (You found it on level 22 of a ziggurat)
103233 | Zig:22   | Identified the +6 steam dragon scales of Vaugocon {+Inv
                  | +Fly rElec Dex-2} (You found it on level 22 of a ziggurat)
103234 | Zig:22   | Identified the +7 fustibalus of Wioreapso {flame, Str-3
                  | Int+5} (You found it on level 22 of a ziggurat)
103240 | Zig:23   | Entered Level 23 of a ziggurat
103260 | Zig:23   | Gained mutation: You are dopey. (Int -2) [a cacodemon]
103300 | Zig:23   | Found the +10 large shield of Ignorance {rN+ Int-4}
103464 | Zig:23   | Reached skill level 15 in Poison Magic
103529 | Zig:23   | Got a slimy platinum ring
103867 | Zig:23   | Lost mutation: You are partially covered in large bone
                  | plates. (SH +4) [potion of mutation]
103867 | Zig:23   | Lost mutation: Your magical capacity is extremely low.
                  | (-30% MP) [potion of mutation]
103867 | Zig:23   | Lost mutation: You occasionally shout uncontrollably at
                  | your foes. [potion of mutation]
103867 | Zig:23   | Lost mutation: You are dopey. (Int -2) [potion of mutation]
103867 | Zig:23   | Gained mutation: Your mind is acute. (Int +2) [potion of
                  | mutation]
103868 | Zig:23   | Lost mutation: You are partially covered in yellow scales.
                  | (AC +2) [potion of mutation]
103868 | Zig:23   | Lost mutation: You have a pair of small horns on your head.
                  | [potion of mutation]
103868 | Zig:23   | Lost mutation: Your mind is acute. (Int +2) [potion of
                  | mutation]
103868 | Zig:23   | Gained mutation: Your spells are a little harder to cast,
                  | but a little more powerful. [potion of mutation]
103869 | Zig:23   | Lost mutation: Your spells are a little harder to cast, but
                  | a little more powerful. [potion of mutation]
103869 | Zig:23   | Lost mutation: You passively map a small area around you.
                  | [potion of mutation]
103869 | Zig:23   | Gained mutation: You are robust. (+10% HP) [potion of
                  | mutation]
103870 | Zig:23   | Lost mutation: You are robust. (+10% HP) [potion of
                  | mutation]
103870 | Zig:23   | Gained mutation: Your system is resistant to poisons.
                  | (rPois) [potion of mutation]
103870 | Zig:23   | Gained mutation: You have a somewhat thin skeletal
                  | structure. (Dex +2, Stealth) [potion of mutation]
103871 | Zig:23   | Lost mutation: Your system is resistant to poisons. (rPois)
                  | [potion of mutation]
103871 | Zig:23   | Lost mutation: You have a somewhat thin skeletal structure.
                  | (Dex +2, Stealth) [potion of mutation]
103871 | Zig:23   | Lost mutation: Your movements are slightly less encumbered
                  | by armour. (ER -2) [potion of mutation]
103871 | Zig:23   | Gained mutation: Potions are less effective at restoring
                  | your health. [potion of mutation]
103871 | Zig:23   | Gained mutation: You expend magic power (3 MP) to
                  | strengthen your wands. [potion of mutation]
103872 | Zig:23   | Lost mutation: Potions are less effective at restoring your
                  | health. [potion of mutation]
103872 | Zig:23   | Lost mutation: You expend magic power (3 MP) to strengthen
                  | your wands. [potion of mutation]
103872 | Zig:23   | Gained mutation: Your flesh is heat resistant. (rF+)
                  | [potion of mutation]
103872 | Zig:23   | Gained mutation: You have a pair of small horns on your
                  | head. [potion of mutation]
103873 | Zig:23   | Lost mutation: You have a pair of small horns on your head.
                  | [potion of mutation]
103873 | Zig:23   | Lost mutation: Your flesh is heat resistant. (rF+) [potion
                  | of mutation]
103873 | Zig:23   | Gained mutation: Your mind is acute. (Int +2) [potion of
                  | mutation]
103873 | Zig:23   | Gained mutation: You have large cloven feet. [potion of
                  | mutation]
103874 | Zig:23   | Lost mutation: You have large cloven feet. [potion of
                  | mutation]
103874 | Zig:23   | Lost mutation: Your mind is acute. (Int +2) [potion of
                  | mutation]
103874 | Zig:23   | Gained mutation: You have a pair of small horns on your
                  | head. [potion of mutation]
103875 | Zig:23   | Lost mutation: You have a pair of small horns on your head.
                  | [potion of mutation]
103875 | Zig:23   | Gained mutation: You expend magic power (3 MP) to
                  | strengthen your wands. [potion of mutation]
103876 | Zig:23   | Lost mutation: You expend magic power (3 MP) to strengthen
                  | your wands. [potion of mutation]
103876 | Zig:23   | Gained mutation: You are surrounded by a mild repulsion
                  | field. (EV +2) [potion of mutation]
103876 | Zig:23   | Gained mutation: Your mind is acute. (Int +2) [potion of
                  | mutation]
103877 | Zig:23   | Lost mutation: Your mind is acute. (Int +2) [potion of
                  | mutation]
103877 | Zig:23   | Lost mutation: You are surrounded by a mild repulsion
                  | field. (EV +2) [potion of mutation]
103877 | Zig:23   | Gained mutation: Your spells are a little harder to cast,
                  | but a little more powerful. [potion of mutation]
103878 | Zig:23   | Lost mutation: Your spells are a little harder to cast, but
                  | a little more powerful. [potion of mutation]
103878 | Zig:23   | Gained mutation: You are dopey. (Int -2) [potion of
                  | mutation]
103878 | Zig:23   | Gained mutation: You are clumsy. (Dex -2) [potion of
                  | mutation]
103878 | Zig:23   | Gained mutation: Your movements are slightly less
                  | encumbered by armour. (ER -2) [potion of mutation]
103879 | Zig:23   | Lost mutation: Your movements are slightly less encumbered
                  | by armour. (ER -2) [potion of mutation]
103879 | Zig:23   | Lost mutation: You are dopey. (Int -2) [potion of mutation]
103879 | Zig:23   | Lost mutation: You are clumsy. (Dex -2) [potion of
                  | mutation]
103888 | Zig:23   | Gained mutation: You evolve. [potion of mutation]
103889 | Zig:23   | Lost mutation: You evolve. [potion of mutation]
103889 | Zig:23   | Gained mutation: You are robust. (+10% HP) [potion of
                  | mutation]
103954 | Zig:23   | Lost mutation: You are robust. (+10% HP) [potion of
                  | mutation]
103954 | Zig:23   | Gained mutation: You are robust. (+10% HP) [potion of
                  | mutation]
104040 | Zig:24   | Entered Level 24 of a ziggurat
104054 | Zig:24   | Noticed a greater mummy
104059 | Zig:24   | Noticed a greater mummy
104059 | Zig:24   | Noticed a greater mummy
104060 | Zig:24   | Noticed a greater mummy
104061 | Zig:24   | Killed a greater mummy
104061 | Zig:24   | Noticed a greater mummy
104063 | Zig:24   | Killed a greater mummy
104066 | Zig:24   | Killed a greater mummy
104067 | Zig:24   | Noticed a greater mummy
104068 | Zig:24   | Noticed a greater mummy
104068 | Zig:24   | Noticed a greater mummy
104068 | Zig:24   | Noticed a greater mummy
104068 | Zig:24   | Noticed a greater mummy
104073 | Zig:24   | Noticed a greater mummy
104073 | Zig:24   | Noticed a greater mummy
104073 | Zig:24   | Noticed a greater mummy
104073 | Zig:24   | Noticed a greater mummy
104076 | Zig:24   | Killed a greater mummy
104076 | Zig:24   | Killed a greater mummy
104076 | Zig:24   | Killed a greater mummy
104076 | Zig:24   | Killed a greater mummy
104077 | Zig:24   | Killed a greater mummy
104077 | Zig:24   | Killed a greater mummy
104078 | Zig:24   | Killed a greater mummy
104078 | Zig:24   | Killed a greater mummy
104079 | Zig:24   | Killed a greater mummy
104079 | Zig:24   | Noticed a greater mummy
104079 | Zig:24   | Noticed a greater mummy
104081 | Zig:24   | Killed a greater mummy
104083 | Zig:24   | Killed a greater mummy
104088 | Zig:24   | Noticed a greater mummy
104089 | Zig:24   | Noticed a greater mummy
104090 | Zig:24   | Killed a greater mummy
104090 | Zig:24   | Killed a greater mummy
104092 | Zig:24   | Killed a greater mummy
104094 | Zig:24   | Killed a greater mummy
104389 | Zig:24   | Identified the Disquisition on Cold
104391 | Zig:24   | Got a clouded jade ring
104399 | Zig:24   | Identified Iniestru's Grimoire of Shifting Clay
104424 | Zig:24   | Identified the ring "Laonlynef" {Int+2 Stlth-} (You found
                  | it on level 24 of a ziggurat)
104426 | Zig:24   | Identified the ring "Exkugete" {-Tele +Inv rF+ Str+5
                  | Stlth+} (You found it on level 23 of a ziggurat)
104436 | Zig:24   | Learned a level 7 spell: Ring of Flames
104438 | Zig:24   | Got a translucent wooden ring
104442 | Zig:24   | Identified the ring "Amicioza" {Ice *Slow rElec Str+3} (You
                  | found it on level 24 of a ziggurat)
104447 | Zig:25   | Entered Level 25 of a ziggurat
104465 | Zig:25   | Noticed a juggernaut
104465 | Zig:25   | Noticed a juggernaut
104469 | Zig:25   | Reached skill level 1 in Fire Magic
104470 | Zig:25   | Noticed a juggernaut
104474 | Zig:25   | Killed a juggernaut
104474 | Zig:25   | Reached skill level 27 in Charms
104474 | Zig:25   | Reached skill level 5 in Fire Magic
104474 | Zig:25   | Killed a juggernaut
104480 | Zig:25   | Killed a juggernaut
104503 | Zig:25   | Identified the Disquisition on Feathery Execration
104511 | Zig:25   | Identified the Almanac of Confrontation
104520 | Zig:25   | Got a jewelled helmet
104549 | Zig:25   | Identified the +0 helmet "Byitruzi" {rPois Int+3 SInv} (You
                  | found it on level 25 of a ziggurat)
104634 | Zig:25   | Identified the amulet "Rixu" {Faith Dex+3} (You acquired it
                  | on level 25 of a ziggurat)
104672 | Zig:26   | Entered Level 26 of a ziggurat
104690 | Zig:26   | Noticed Jalleol the pandemonium lord
104694 | Zig:26   | Noticed Awnukuc the pandemonium lord
104696 | Zig:26   | Noticed Keess the pandemonium lord
104696 | Zig:26   | Noticed Pusek the pandemonium lord
104700 | Zig:26   | Noticed Ewipp the pandemonium lord
104701 | Zig:26   | Killed Jalleol the pandemonium lord
104701 | Zig:26   | Killed Pusek the pandemonium lord
104701 | Zig:26   | Noticed Baupair the pandemonium lord
104702 | Zig:26   | Killed Awnukuc the pandemonium lord
104702 | Zig:26   | Reached skill level 10 in Fire Magic
104702 | Zig:26   | Noticed Anacwei the pandemonium lord
104703 | Zig:26   | Noticed Ponuepru the pandemonium lord
104704 | Zig:26   | Noticed Bouch the pandemonium lord
104704 | Zig:26   | Noticed Nivvemoz the pandemonium lord
104704 | Zig:26   | Noticed Wiuxkarra the pandemonium lord
104705 | Zig:26   | Noticed Suyblazi the pandemonium lord
104705 | Zig:26   | Noticed Yheviexoro the pandemonium lord
104705 | Zig:26   | Noticed Tuzep the pandemonium lord
104705 | Zig:26   | Noticed Eficas the pandemonium lord
104705 | Zig:26   | Noticed Nemous the pandemonium lord
104706 | Zig:26   | Killed Ewipp the pandemonium lord
104708 | Zig:26   | Noticed Fopnumomm the pandemonium lord
104708 | Zig:26   | Killed Ponuepru the pandemonium lord
104708 | Zig:26   | Noticed Keynwiuliwn the pandemonium lord
104710 | Zig:26   | Noticed Maun the pandemonium lord
104710 | Zig:26   | Noticed Yddog the pandemonium lord
104710 | Zig:26   | Noticed Vusetoujeig the pandemonium lord
104710 | Zig:26   | Noticed Com Woyl the pandemonium lord
104710 | Zig:26   | Noticed Mair the pandemonium lord
104711 | Zig:26   | Killed Keess the pandemonium lord
104711 | Zig:26   | Noticed Ponel the pandemonium lord
104711 | Zig:26   | Noticed Email the pandemonium lord
104711 | Zig:26   | Noticed Isuheule the pandemonium lord
104711 | Zig:26   | Noticed Hupeus the pandemonium lord
104712 | Zig:26   | Noticed Faneffy the pandemonium lord
104713 | Zig:26   | Killed Anacwei the pandemonium lord
104715 | Zig:26   | Killed Baupair the pandemonium lord
104716 | Zig:26   | Killed Wiuxkarra the pandemonium lord
104718 | Zig:26   | Noticed Luphosoi the pandemonium lord
104719 | Zig:26   | Killed Bouch the pandemonium lord
104724 | Zig:26   | Killed Yddog the pandemonium lord
104726 | Zig:26   | Killed Tuzep the pandemonium lord
104729 | Zig:26   | Killed Yheviexoro the pandemonium lord
104733 | Zig:26   | Killed Com Woyl the pandemonium lord
104733 | Zig:26   | Reached skill level 15 in Fire Magic
104733 | Zig:26   | Noticed Loeqelab the pandemonium lord
104734 | Zig:26   | Killed Vusetoujeig the pandemonium lord
104734 | Zig:26   | Killed Fopnumomm the pandemonium lord
104735 | Zig:26   | Killed Suyblazi the pandemonium lord
104736 | Zig:26   | Killed Faneffy the pandemonium lord
104736 | Zig:26   | Killed Nivvemoz the pandemonium lord
104736 | Zig:26   | Noticed Hoakluxt the pandemonium lord
104737 | Zig:26   | Killed Email the pandemonium lord
104737 | Zig:26   | Killed Hupeus the pandemonium lord
104737 | Zig:26   | Noticed Wokhleint the pandemonium lord
104738 | Zig:26   | Killed Mair the pandemonium lord
104738 | Zig:26   | Killed Nemous the pandemonium lord
104738 | Zig:26   | Killed Loeqelab the pandemonium lord
104738 | Zig:26   | Killed Isuheule the pandemonium lord
104739 | Zig:26   | Noticed Fesiebbash the pandemonium lord
104740 | Zig:26   | Killed Ponel the pandemonium lord
104741 | Zig:26   | Killed Luphosoi the pandemonium lord
104741 | Zig:26   | Killed Maun the pandemonium lord
104741 | Zig:26   | Killed Keynwiuliwn the pandemonium lord
104741 | Zig:26   | Killed Eficas the pandemonium lord
104742 | Zig:26   | Noticed Hily the pandemonium lord
104749 | Zig:26   | Killed Wokhleint the pandemonium lord
104750 | Zig:26   | Killed Fesiebbash the pandemonium lord
104750 | Zig:26   | Killed Hoakluxt the pandemonium lord
104752 | Zig:26   | Killed Hily the pandemonium lord
104815 | Zig:26   | Got a bound pewter ring
104817 | Zig:26   | Identified Xarof's Reference Book on Stones
104838 | Zig:26   | Got a fine ivory ring
104845 | Zig:26   | Identified the Compendium of Hexes
104846 | Zig:26   | Identified Miwk's Catalogue of Moulding and Evil Arts
104958 | Zig:26   | Learned a level 9 spell: Fire Storm
104961 | Zig:26   | Identified the ring of Gufrotaxt {MR+ rCorr} (You found it
                  | on level 26 of a ziggurat)
104962 | Zig:26   | Identified the ring "Rirchi Tosch" {+Fly rPois EV+4 Int-3
                  | Dex-2} (You found it on level 26 of a ziggurat)
104967 | Zig:27   | Entered Level 27 of a ziggurat
105004 | Zig:27   | Reached skill level 1 in Conjurations
105012 | Zig:27   | Reached skill level 5 in Conjurations
105272 | Zig:1    | Entered Level 1 of a ziggurat
105292 | Zig:2    | Entered Level 2 of a ziggurat
105347 | Zig:3    | Entered Level 3 of a ziggurat
105380 | Zig:4    | Entered Level 4 of a ziggurat
105397 | Zig:4    | Got a wavering silver ring
105399 | Zig:4    | Got a vibrating copper ring
105404 | Zig:4    | Identified the ring of Zuqig {Fire MR+ MP+9} (You found it
                  | on level 4 of a ziggurat)
105405 | Zig:4    | Identified the ring "Zuuhiobb" {Int+3 SInv} (You found it
                  | on level 4 of a ziggurat)
105447 | Zig:5    | Entered Level 5 of a ziggurat
105457 | Zig:5    | Noticed Tuloam the pandemonium lord
105459 | Zig:5    | Killed Tuloam the pandemonium lord
105540 | Zig:6    | Entered Level 6 of a ziggurat
105586 | Zig:7    | Entered Level 7 of a ziggurat
105602 | Zig:7    | Got a faintly glowing cloak
105608 | Zig:7    | Identified the Compendium of Harmful Creation
105623 | Zig:7    | Identified the +1 cloak "Remit" {Int+5} (You found it on
                  | level 7 of a ziggurat)
105676 | Zig:8    | Entered Level 8 of a ziggurat
105688 | Zig:8    | Reached skill level 10 in Conjurations
105733 | Zig:8    | Identified the Volume of Fire
105772 | Zig:8    | Identified the ring of the Ten Realms {+Fly rPois rF+} (You
                  | acquired it on level 8 of a ziggurat)
105772 | Zig:8    | Identified the +2 pair of gloves of the Sailor {MR+ Str+2
                  | Dex+4} (You acquired it on level 8 of a ziggurat)
105787 | Zig:9    | Entered Level 9 of a ziggurat
105803 | Zig:9    | Found the +8 trident of the Octopus King {venom, rElec
                  | rPois MR+}
105824 | Zig:9    | Got a faintly glowing silver ring
105832 | Zig:9    | Got a fine lapis lazuli ring
105834 | Zig:9    | Got a transparent shield
105839 | Zig:9    | Identified the +2 shield "Forget-Me-Not" {rN+ Slay+3
                  | Stlth+} (You found it on level 9 of a ziggurat)
105840 | Zig:9    | Identified the ring of Atoty {Wiz +Inv SInv Stlth+} (You
                  | found it on level 9 of a ziggurat)
105841 | Zig:9    | Identified the ring "Piofeoco" {rElec rPois rCorr Dex-3}
                  | (You found it on level 9 of a ziggurat)
105870 | Zig:10   | Entered Level 10 of a ziggurat
105882 | Zig:10   | Found the +2 ratskin cloak {+Rats rPois rN+ Str-1 Int-1
                  | Dex+1}
105895 | Zig:10   | Identified the Almanac of Gliding Fire
106143 | Zig:11   | Entered Level 11 of a ziggurat
106162 | Zig:11   | Found the +8 autumn katana {slice, Clar}
106183 | Zig:11   | Got a flickering lead ring
106185 | Zig:11   | Got an iridescent long sword
106214 | Zig:11   | Identified the ring "Naneofa" {MP+9 Str+4 Int-2 Dex+2
                  | Stlth+} (You found it on level 11 of a ziggurat)
106215 | Zig:11   | Identified the -2 pair of gloves of the Frog {-Tele Int+8
                  | Dex+6} (You acquired it on level 11 of a ziggurat)
106248 | Zig:12   | Entered Level 12 of a ziggurat
106255 | Zig:12   | Noticed an ancient lich
106262 | Zig:12   | Noticed an ancient lich
106263 | Zig:12   | Killed an ancient lich
106266 | Zig:12   | Found the +10 morningstar "Eos" {elec, Halo rElec}
106266 | Zig:12   | Killed an ancient lich
106301 | Zig:12   | Got a pitted turquoise ring
106310 | Zig:12   | Identified the ring of Cergheime {rPois MR+} (You found it
                  | on level 12 of a ziggurat)
106325 | Zig:13   | Entered Level 13 of a ziggurat
106369 | Zig:13   | Got a crude helmet
106379 | Zig:13   | Got a transparent turquoise ring
106387 | Zig:13   | Identified Sif Muna's Papyrus of Blistering Summoning
106402 | Zig:13   | Identified the +0 helmet "Nomi Vec" {rF+ MR++ Int+3} (You
                  | found it on level 13 of a ziggurat)
106423 | Zig:13   | Identified the ring "Raeluuff" {Ice rElec Int-2 Stlth+}
                  | (You found it on level 13 of a ziggurat)
106479 | Zig:14   | Entered Level 14 of a ziggurat
106508 | Zig:14   | Reached skill level 15 in Conjurations
106512 | Zig:14   | Found the +8 Wrath of Trog {antimagic, *Rage}
106558 | Zig:14   | Identified the Guide on Toxins
106626 | Zig:15   | Entered Level 15 of a ziggurat
106648 | Zig:15   | Gained mutation: You are dopey. (Int -2) [a shining eye]
106683 | Zig:15   | Lost mutation: You are dopey. (Int -2) [potion of mutation]
106683 | Zig:15   | Lost mutation: You are robust. (+10% HP) [potion of
                  | mutation]
106683 | Zig:15   | Gained mutation: Your flesh is cold resistant. (rC+)
                  | [potion of mutation]
106683 | Zig:15   | Gained mutation: You are partially covered in large bone
                  | plates. (SH +4) [potion of mutation]
106683 | Zig:15   | Gained mutation: You are somewhat resistant to further
                  | mutation. [potion of mutation]
106687 | Zig:15   | Identified the Handbook of the Escort
106698 | Zig:15   | Identified Gaisagh's Catalogue of the Tundras
106735 | Zig:16   | Entered Level 16 of a ziggurat
106750 | Zig:16   | Noticed an ancient lich
106752 | Zig:16   | Noticed an ancient lich
106753 | Zig:16   | Noticed an ancient lich
106753 | Zig:16   | Noticed an ancient lich
106754 | Zig:16   | Noticed an ancient lich
106755 | Zig:16   | Noticed an ancient lich
106755 | Zig:16   | Noticed an ancient lich
106755 | Zig:16   | Noticed an ancient lich
106757 | Zig:16   | Killed an ancient lich
106757 | Zig:16   | Killed an ancient lich
106758 | Zig:16   | Noticed an ancient lich
106760 | Zig:16   | Noticed an ancient lich
106760 | Zig:16   | Killed an ancient lich
106760 | Zig:16   | Noticed an ancient lich
106761 | Zig:16   | Killed an ancient lich
106762 | Zig:16   | Killed an ancient lich
106762 | Zig:16   | Killed an ancient lich
106762 | Zig:16   | Killed an ancient lich
106762 | Zig:16   | Killed an ancient lich
106762 | Zig:16   | Killed an ancient lich
106763 | Zig:16   | Killed an ancient lich
106763 | Zig:16   | Killed an ancient lich
106766 | Zig:16   | Found the amulet of the Air {Inacc +Fly rElec EV+5 RMsl}
106840 | Zig:17   | Entered Level 17 of a ziggurat
106863 | Zig:17   | Found the +0 pair of fencer's gloves {Riposte Dex+3}
106874 | Zig:17   | Identified the Volume of Attacks and Good Luck
106900 | Zig:17   | Got a clouded granite ring
106902 | Zig:17   | Got an ancient lapis lazuli ring
106928 | Zig:17   | Identified the ring "Niavay" {-Tele Int+3 Dex+2 SInv} (You
                  | found it on level 17 of a ziggurat)
106930 | Zig:17   | Identified the ring of Creativity {+Inv +Fly Int+3 Dex-3
                  | Stlth+} (You found it on level 17 of a ziggurat)
106962 | Zig:18   | Entered Level 18 of a ziggurat
106999 | Zig:18   | Found the +2 shield of Resistance {rF+ rC+ MR+}
107025 | Zig:18   | Got a vibrating jade ring
107044 | Zig:18   | Identified the ring "Manliush" {MP+9 Str-2 Int+5} (You
                  | found it on level 18 of a ziggurat)
107046 | Zig:18   | Got a flickering iron amulet
107047 | Zig:18   | Identified the amulet of Subin {Faith rF+} (You found it on
                  | level 18 of a ziggurat)
107053 | Zig:18   | Identified Tunom's Guide on Glacial Dislocation
107177 | Zig:19   | Entered Level 19 of a ziggurat
107185 | Zig:19   | Noticed an orb of fire
107186 | Zig:19   | Noticed an orb of fire
107194 | Zig:19   | Killed an orb of fire
107196 | Zig:19   | Killed an orb of fire
107196 | Zig:19   | Noticed an orb of fire
107197 | Zig:19   | Noticed an orb of fire
107197 | Zig:19   | Noticed an orb of fire
107198 | Zig:19   | Noticed an orb of fire
107198 | Zig:19   | Noticed an orb of fire
107198 | Zig:19   | Noticed an orb of fire
107198 | Zig:19   | Noticed an orb of fire
107199 | Zig:19   | Noticed an orb of fire
107199 | Zig:19   | Noticed an orb of fire
107202 | Zig:19   | Noticed an orb of fire
107203 | Zig:19   | Killed an orb of fire
107203 | Zig:19   | Killed an orb of fire
107203 | Zig:19   | Gained mutation: Armour fits poorly on your strangely
                  | shaped body. [an orb of fire]
107204 | Zig:19   | Killed an orb of fire
107204 | Zig:19   | Killed an orb of fire
107204 | Zig:19   | Killed an orb of fire
107204 | Zig:19   | Killed an orb of fire
107204 | Zig:19   | Reached skill level 27 in Fire Magic
107206 | Zig:19   | Killed an orb of fire
107206 | Zig:19   | Killed an orb of fire
107206 | Zig:19   | Killed an orb of fire
107206 | Zig:19   | Gained mutation: You are frail. (-10% HP) [an orb of fire]
107208 | Zig:19   | Killed an orb of fire
107231 | Zig:19   | Found the +7 great mace "Undeadhunter" {disrupt, rN+}
107315 | Zig:19   | Got a warped iron ring
107325 | Zig:19   | Identified the ring "Wyrutida" {rElec rC+ MR+ Dex-3 Stlth+}
                  | (You found it on level 19 of a ziggurat)
107581 | Zig:20   | Entered Level 20 of a ziggurat
107622 | Zig:20   | Found the +4 dagger "Morg" {pain, MR+ Int+5}
107623 | Zig:20   | Found the cursed +14 obsidian axe {chop, +Fly SInv *Curse}
107645 | Zig:20   | Got a scintillating tin amulet
107650 | Zig:20   | Got an ancient silver ring
107681 | Zig:20   | Identified the amulet of Conformity {Spirit Dex+2 Slay+3
                  | Stlth-} (You found it on level 20 of a ziggurat)
107682 | Zig:20   | Identified a ring "Ateinasegi" {rElec rF+++ rN+ Str-4} (You
                  | found it on level 20 of a ziggurat)
107740 | Zig:21   | Entered Level 21 of a ziggurat
107812 | Zig:21   | Got a vibrating tin ring
107813 | Zig:21   | Identified the ring "Afiguv" {+Fly Int+2} (You found it on
                  | level 21 of a ziggurat)
107823 | Zig:21   | Identified Veupt's Incunabulum of Helpful Transmutation
107873 | Zig:21   | Lost mutation: You are frail. (-10% HP) [potion of
                  | mutation]
107873 | Zig:21   | Lost mutation: Armour fits poorly on your strangely shaped
                  | body. [potion of mutation]
107873 | Zig:21   | Lost mutation: You are partially covered in large bone
                  | plates. (SH +4) [potion of mutation]
107873 | Zig:21   | Lost mutation: You are somewhat resistant to further
                  | mutation. [potion of mutation]
107873 | Zig:21   | Gained mutation: You are weak. (Str -2) [potion of
                  | mutation]
107873 | Zig:21   | Gained mutation: You occasionally shout uncontrollably at
                  | your foes. [potion of mutation]
107873 | Zig:21   | Gained mutation: You are robust. (+10% HP) [potion of
                  | mutation]
107874 | Zig:21   | Lost mutation: Your flesh is cold resistant. (rC+) [potion
                  | of mutation]
107874 | Zig:21   | Lost mutation: You are weak. (Str -2) [potion of mutation]
107874 | Zig:21   | Gained mutation: You have a pair of small horns on your
                  | head. [potion of mutation]
107874 | Zig:21   | Gained mutation: You are partially covered in rugged brown
                  | scales. (AC +1, +3% HP) [potion of mutation]
107874 | Zig:21   | Gained mutation: You have a somewhat thin skeletal
                  | structure. (Dex +2, Stealth) [potion of mutation]
107992 | Zig:22   | Entered Level 22 of a ziggurat
108007 | Zig:22   | Paralysed by a floating eye for 4 turns
108015 | Zig:22   | Paralysed by a floating eye for 3 turns
108068 | Zig:22   | Found the +9 heavy crossbow "Sniper" {velocity, Acc+∞ SInv}
108127 | Zig:22   | Identified the Incunabulum of Dusty Feathers
108134 | Zig:22   | Identified the Volume of Enthralling Stolen Souls
108149 | Zig:22   | Lost mutation: You have a pair of small horns on your head.
                  | [potion of mutation]
108149 | Zig:22   | Lost mutation: You are partially covered in rugged brown
                  | scales. (AC +1, +3% HP) [potion of mutation]
108149 | Zig:22   | Gained mutation: You are dopey. (Int -2) [potion of
                  | mutation]
108149 | Zig:22   | Gained mutation: You are very robust. (+20% HP) [potion of
                  | mutation]
108426 | Zig:23   | Entered Level 23 of a ziggurat
108654 | Zig:23   | Learned a level 5 spell: Aura of Abjuration
108655 | Zig:24   | Entered Level 24 of a ziggurat
108688 | Zig:24   | Reached skill level 27 in Conjurations
108688 | Zig:24   | Reached skill level 5 in Earth Magic
108704 | Zig:24   | Lost mutation: You are dopey. (Int -2) [potion of mutation]
108704 | Zig:24   | Lost mutation: You have a somewhat thin skeletal structure.
                  | (Dex +2, Stealth) [potion of mutation]
108704 | Zig:24   | Lost mutation: You are very robust. (+20% HP) [potion of
                  | mutation]
108704 | Zig:24   | Lost mutation: You are robust. (+10% HP) [potion of
                  | mutation]
108704 | Zig:24   | Gained mutation: You possess an exceptional clarity of
                  | mind. [potion of mutation]
108704 | Zig:24   | Lost mutation: You occasionally shout uncontrollably at
                  | your foes. [potion of mutation]
108704 | Zig:24   | Gained mutation: You have large cloven feet. [potion of
                  | mutation]
108705 | Zig:24   | Lost mutation: You have large cloven feet. [potion of
                  | mutation]
108705 | Zig:24   | Lost mutation: You possess an exceptional clarity of mind.
                  | [potion of mutation]
108705 | Zig:24   | Gained mutation: You are partially covered in yellow
                  | scales. (AC +2) [potion of mutation]
108705 | Zig:24   | Gained mutation: You have large cloven feet. [potion of
                  | mutation]
108706 | Zig:24   | Lost mutation: You have large cloven feet. [potion of
                  | mutation]
108706 | Zig:24   | Lost mutation: You are partially covered in yellow scales.
                  | (AC +2) [potion of mutation]
108706 | Zig:24   | Gained mutation: You tend to lose your temper in combat.
                  | [potion of mutation]
108706 | Zig:24   | Gained mutation: Your magical capacity is low. (-10% MP)
                  | [potion of mutation]
108706 | Zig:24   | Gained mutation: You expend magic power (3 MP) to
                  | strengthen your wands. [potion of mutation]
108706 | Zig:24   | Gained mutation: Your mind is acute. (Int +2) [potion of
                  | mutation]
108707 | Zig:24   | Lost mutation: Your magical capacity is low. (-10% MP)
                  | [potion of mutation]
108707 | Zig:24   | Lost mutation: Your mind is acute. (Int +2) [potion of
                  | mutation]
108707 | Zig:24   | Lost mutation: You expend magic power (3 MP) to strengthen
                  | your wands. [potion of mutation]
108707 | Zig:24   | Lost mutation: You tend to lose your temper in combat.
                  | [potion of mutation]
108707 | Zig:24   | Gained mutation: You are somewhat resistant to further
                  | mutation. [potion of mutation]
108707 | Zig:24   | Gained mutation: You are partially covered in large bone
                  | plates. (SH +4) [potion of mutation]
108737 | Zig:24   | Got a translucent zirconium amulet
108738 | Zig:24   | Identified the amulet of Boxeorgh {+Rage Int+7 Dex+3} (You
                  | found it on level 24 of a ziggurat)
108754 | Zig:24   | Got jewelled storm dragon scales
108765 | Zig:24   | Identified the cursed +0 storm dragon scales "Hacyuj"
                  | {rElec rC++ MR- rCorr} (You found it on level 24 of a
                  | ziggurat)
108801 | Zig:24   | Identified the Tome of the Compass
108907 | Zig:24   | Lost mutation: You are somewhat resistant to further
                  | mutation. [potion of mutation]
108907 | Zig:24   | Lost mutation: You are partially covered in large bone
                  | plates. (SH +4) [potion of mutation]
108907 | Zig:24   | Gained mutation: You are robust. (+10% HP) [potion of
                  | mutation]
108907 | Zig:24   | Gained mutation: You have sharp toenails. [potion of
                  | mutation]
108907 | Zig:24   | Gained mutation: You are resistant to hostile enchantments.
                  | (MR+) [potion of mutation]
108907 | Zig:24   | Gained mutation: You are somewhat resistant to further
                  | mutation. [potion of mutation]
108908 | Zig:24   | Lost mutation: You are somewhat resistant to further
                  | mutation. [potion of mutation]
108908 | Zig:24   | Lost mutation: You have sharp toenails. [potion of
                  | mutation]
108908 | Zig:24   | Gained mutation: You tend to lose your temper in combat.
                  | [potion of mutation]
108908 | Zig:24   | Gained mutation: You can translocate small distances at
                  | will. [potion of mutation]
108908 | Zig:24   | Gained mutation: You have a pair of small horns on your
                  | head. [potion of mutation]
108909 | Zig:24   | Lost mutation: You are robust. (+10% HP) [potion of
                  | mutation]
108909 | Zig:24   | Lost mutation: You are resistant to hostile enchantments.
                  | (MR+) [potion of mutation]
108909 | Zig:24   | Lost mutation: You tend to lose your temper in combat.
                  | [potion of mutation]
108909 | Zig:24   | Gained mutation: You occasionally shout uncontrollably at
                  | your foes. [potion of mutation]
108909 | Zig:24   | Gained mutation: You are resistant to electric shocks.
                  | (rElec) [potion of mutation]
108911 | Zig:24   | Lost mutation: You can translocate small distances at will.
                  | [potion of mutation]
108911 | Zig:24   | Lost mutation: You occasionally shout uncontrollably at
                  | your foes. [potion of mutation]
108911 | Zig:24   | Lost mutation: You are resistant to electric shocks.
                  | (rElec) [potion of mutation]
108911 | Zig:24   | Gained mutation: You possess an exceptional clarity of
                  | mind. [potion of mutation]
108911 | Zig:24   | Gained mutation: Your system is resistant to poisons.
                  | (rPois) [potion of mutation]
108911 | Zig:24   | Gained mutation: Your flesh is heat resistant. (rF+)
                  | [potion of mutation]
108914 | Zig:24   | Lost mutation: You have a pair of small horns on your head.
                  | [potion of mutation]
108914 | Zig:24   | Lost mutation: Your system is resistant to poisons. (rPois)
                  | [potion of mutation]
108914 | Zig:24   | Lost mutation: Your flesh is heat resistant. (rF+) [potion
                  | of mutation]
108914 | Zig:24   | Gained mutation: Your system is resistant to poisons.
                  | (rPois) [potion of mutation]
108914 | Zig:24   | Gained mutation: You are robust. (+10% HP) [potion of
                  | mutation]
108921 | Zig:25   | Entered Level 25 of a ziggurat
108948 | Zig:25   | Reached skill level 10 in Earth Magic
108971 | Zig:25   | Found the +8 longbow "Zephyr" {speed, Dex+3 SInv}
108971 | Zig:25   | Found the +8 frozen axe "Frostbite" {freezing cloud, *Noise
                  | +Fly rC+}
108972 | Zig:25   | Found the amulet of the Four Winds {rN+ MR+++ Clar}
108972 | Zig:25   | Found the +1 cloak of Starlight {rElec rC+ EV+4 Stlth--}
108984 | Zig:25   | Identified Seurodd's Theurgy in Simple Steps
109025 | Zig:25   | Got a wavering graven amulet
109028 | Zig:25   | Identified the Guide on the Blistering Snowflakes
109123 | Zig:26   | Entered Level 26 of a ziggurat
109154 | Zig:26   | Reached skill level 15 in Earth Magic
109198 | Zig:26   | Identified the amulet "Carrem" {rPois Regen+ Str+4 Dex-5}
                  | (You found it on level 25 of a ziggurat)
109207 | Zig:26   | Got a pitted glass ring
109214 | Zig:26   | Got a transparent amber ring
109253 | Zig:27   | Entered Level 27 of a ziggurat
109285 | Zig:27   | Gained mutation: Your magical capacity is low. (-10% MP) [a
                  | cacodemon]
109290 | Zig:27   | Noticed Miymeiro the pandemonium lord
109295 | Zig:27   | Killed Miymeiro the pandemonium lord
109309 | Zig:27   | Found the +5 demon whip "Spellbinder" {antimagic, MR+}
109344 | Zig:27   | Got a smoking marble ring
109358 | Zig:27   | Identified the ring "Aduik" {Str+3 Slay+6} (You found it on
                  | level 27 of a ziggurat)
109359 | Zig:27   | Identified the ring "Upamyoja" {rN+ Str-5 Dex+3 Stlth+}
                  | (You found it on level 26 of a ziggurat)
109454 | Zig:27   | Identified the Handbook of Transmutation and Displacement
109459 | Zig:27   | Got a glittering glass ring
109467 | Zig:27   | Got a fine lead ring
109471 | Zig:27   | Identified a ring "Biron" {*Corrode rN+ Int+4} (You found
                  | it on level 26 of a ziggurat)
109540 | Zig:27   | Identified the ring of Bienysede {Str+3 Dex+2 SInv} (You
                  | found it on level 27 of a ziggurat)
109542 | Zig:27   | Identified the ring of Haluqi {MR+ Dex+4} (You found it on
                  | level 27 of a ziggurat)
110982 | Zot:4    | Reached skill level 27 in Transmutations
110982 | Zot:4    | Noticed an orb of fire
110991 | Zot:4    | Killed an orb of fire
111666 | Zot:5    | Entered Level 5 of the Realm of Zot
111716 | Zot:5    | Identified Ceaddetz's Papyrus of Supportive Flight
111931 | Zot:5    | Noticed an orb of fire
111936 | Zot:5    | Gained mutation: You are weak. (Str -2) [an orb of fire]
111939 | Zot:5    | Lost mutation: You are robust. (+10% HP) [an orb of fire]
111940 | Zot:5    | Killed an orb of fire
111950 | Zot:5    | Noticed an orb of fire
111953 | Zot:5    | Noticed an orb of fire
111959 | Zot:5    | Killed an orb of fire
111962 | Zot:5    | Gained mutation: You are very weak. (Str -4) [an orb of
                  | fire]
111965 | Zot:5    | Gained mutation: Your body sometimes deteriorates upon
                  | taking damage. [an orb of fire]
111967 | Zot:5    | Killed an orb of fire
111986 | Zot:5    | Lost mutation: You are very weak. (Str -4) [potion of
                  | mutation]
111986 | Zot:5    | Lost mutation: You possess an exceptional clarity of mind.
                  | [potion of mutation]
111986 | Zot:5    | Lost mutation: Your magical capacity is low. (-10% MP)
                  | [potion of mutation]
111986 | Zot:5    | Gained mutation: You are dopey. (Int -2) [potion of
                  | mutation]
111986 | Zot:5    | Gained mutation: You are resistant to hostile enchantments.
                  | (MR+) [potion of mutation]
111987 | Zot:5    | Lost mutation: Your system is resistant to poisons. (rPois)
                  | [potion of mutation]
111987 | Zot:5    | Lost mutation: You are resistant to hostile enchantments.
                  | (MR+) [potion of mutation]
111987 | Zot:5    | Lost mutation: Your body sometimes deteriorates upon taking
                  | damage. [potion of mutation]
111987 | Zot:5    | Gained mutation: You are occasionally teleported next to
                  | monsters. [potion of mutation]
111987 | Zot:5    | Gained mutation: You have sharp toenails. [potion of
                  | mutation]
111988 | Zot:5    | Lost mutation: You are occasionally teleported next to
                  | monsters. [potion of mutation]
111988 | Zot:5    | Lost mutation: You are weak. (Str -2) [potion of mutation]
111988 | Zot:5    | Gained mutation: You are very dopey. (Int -4) [potion of
                  | mutation]
111988 | Zot:5    | Gained mutation: Your magical capacity is low. (-10% MP)
                  | [potion of mutation]
111988 | Zot:5    | Gained mutation: You are agile. (Dex +2) [potion of
                  | mutation]
111988 | Zot:5    | Gained mutation: You have a pair of small horns on your
                  | head. [potion of mutation]
111989 | Zot:5    | Lost mutation: You have a pair of small horns on your head.
                  | [potion of mutation]
111989 | Zot:5    | Lost mutation: You are agile. (Dex +2) [potion of mutation]
111989 | Zot:5    | Gained mutation: Armour fits poorly on your strangely
                  | shaped body. [potion of mutation]
111989 | Zot:5    | Gained mutation: You expend magic power (3 MP) to
                  | strengthen your wands. [potion of mutation]
111989 | Zot:5    | Gained mutation: You possess an exceptional clarity of
                  | mind. [potion of mutation]
111989 | Zot:5    | Gained mutation: Your muscles are strong. (Str +2) [potion
                  | of mutation]
111995 | Zot:5    | Lost mutation: Your muscles are strong. (Str +2) [potion of
                  | mutation]
111995 | Zot:5    | Lost mutation: Your magical capacity is low. (-10% MP)
                  | [potion of mutation]
111995 | Zot:5    | Gained mutation: You have a pair of small horns on your
                  | head. [potion of mutation]
111995 | Zot:5    | Gained mutation: You are partially covered in yellow
                  | scales. (AC +2) [potion of mutation]
111996 | Zot:5    | Lost mutation: You possess an exceptional clarity of mind.
                  | [potion of mutation]
111996 | Zot:5    | Lost mutation: You have a pair of small horns on your head.
                  | [potion of mutation]
111996 | Zot:5    | Lost mutation: You expend magic power (3 MP) to strengthen
                  | your wands. [potion of mutation]
111996 | Zot:5    | Gained mutation: You are mostly covered in yellow scales.
                  | (AC +3) [potion of mutation]
111997 | Zot:5    | Lost mutation: Armour fits poorly on your strangely shaped
                  | body. [potion of mutation]
111997 | Zot:5    | Lost mutation: You are very dopey. (Int -4) [potion of
                  | mutation]
111997 | Zot:5    | Lost mutation: You are mostly covered in yellow scales. (AC
                  | +3) [potion of mutation]
111997 | Zot:5    | Gained mutation: Armour fits poorly on your strangely
                  | shaped body. [potion of mutation]
111997 | Zot:5    | Gained mutation: You evolve. [potion of mutation]
111997 | Zot:5    | Gained mutation: You have a pair of small horns on your
                  | head. [potion of mutation]
111998 | Zot:5    | Lost mutation: You have sharp toenails. [potion of
                  | mutation]
111998 | Zot:5    | Lost mutation: Armour fits poorly on your strangely shaped
                  | body. [potion of mutation]
111998 | Zot:5    | Lost mutation: You evolve. [potion of mutation]
111998 | Zot:5    | Gained mutation: Your magical capacity is low. (-10% MP)
                  | [potion of mutation]
111998 | Zot:5    | Gained mutation: You are resistant to hostile enchantments.
                  | (MR+) [potion of mutation]
111998 | Zot:5    | Gained mutation: You evolve. [potion of mutation]
111999 | Zot:5    | Lost mutation: Your magical capacity is low. (-10% MP)
                  | [potion of mutation]
111999 | Zot:5    | Lost mutation: You evolve. [potion of mutation]
111999 | Zot:5    | Lost mutation: You are dopey. (Int -2) [potion of mutation]
111999 | Zot:5    | Gained mutation: Your mind is acute. (Int +2) [potion of
                  | mutation]
111999 | Zot:5    | Gained mutation: Your muscles are strong. (Str +2) [potion
                  | of mutation]
112000 | Zot:5    | Lost mutation: You are resistant to hostile enchantments.
                  | (MR+) [potion of mutation]
112000 | Zot:5    | Lost mutation: You have a pair of small horns on your head.
                  | [potion of mutation]
112000 | Zot:5    | Lost mutation: You are partially covered in yellow scales.
                  | (AC +2) [potion of mutation]
112000 | Zot:5    | Lost mutation: Your muscles are strong. (Str +2) [potion of
                  | mutation]
112000 | Zot:5    | Gained mutation: You are partially covered in yellow
                  | scales. (AC +2) [potion of mutation]
112000 | Zot:5    | Gained mutation: You are robust. (+10% HP) [potion of
                  | mutation]
112000 | Zot:5    | Gained mutation: You are partially covered in icy blue
                  | scales. (AC +2) [potion of mutation]
112000 | Zot:5    | Gained mutation: Your flesh is heat resistant. (rF+)
                  | [potion of mutation]
112279 | Zot:5    | Got the Orb of Zot
112482 | Depths:5 | Gained mutation: Your spells are a little easier to cast,
                  | but a little less powerful. [a cacodemon]
112536 | Depths:2 | Learned a level 2 spell: Passwall
112626 | Depths:2 | Noticed Oteesipe the pandemonium lord
112638 | Depths:2 | Killed Oteesipe the pandemonium lord
112812 | D:11     | Noticed a seraph
112815 | D:11     | Killed a seraph
112877 | D:8      | Noticed Gelaps the pandemonium lord
112881 | D:8      | Killed Gelaps the pandemonium lord
113061 | D:$      | Escaped with the Orb!

Levels and vault maps discovered:
D:1:      onia_arrival_mini_spirals, layout_rooms
D:2:      layout_basic, nicolae_ru_great_annihilating_truth,
          gammafunk_temple_overflow_arena, eino_tiny_chamber
D:3:      layout_loops_ring, old_standard_altar, marbit_many_paths, first_ration
D:4:      layout_cave_pools, lemuel_temple_firewalk_b
D:5:      old_forge, layout_cave_pools, lemuel_zombie_altar_kikubaaqudgha,
          gammafunk_temple_overflow_pools, grunt_qazlal_clouds, uniq_eustachio
D:6:      layout_loops_ring, zin_statuary, basic_altar, grunt_ministairs_12,
          cheibriados_altar_1
D:7:      layout_rooms, cheibrodos_ashenzari_chains,
          nicolae_ossuary_entry_false_entrances, serial_shops,
          nicolae_shop_crystal, elyvilon_altar_3
D:8:      layout_cave_pools, kennysheep_little_box, grunt_temple_overflow_open
D:9:      layout_roguey, nemelex_xobeh_ov_fountains_minmay,
          erik_lair_orcish_takeover
D:10:     layout_layer_cave, uniq_joseph, uniq_fannar
D:11:     layout_basic, zombieorc1_lemuel, uniq_harold
D:12:     layout_basic, gammafunk_ghost_stat_death, uniq_jorgrun
D:13:     layout_roguey, hangedman_vaults_entry_quadrant_bands, hangedman_ranch
          [blue_anna_fruit_fields], minmay_variable_closet
D:14:     layout_loops_ring, minmay_misc_feat_four_crosses, serial_shops,
          bzr_entry_safe, nicolae_shop_behind_doors, nicolae_shop_waterfront,
          patterned_corridor
D:15:     hangedman_depths_entry_try_elsewhere_first, layout_rooms,
          minmay_misc_feat_alley
Temple:   kb_corrupted_temple
Lair:1:   layout_regular_city, grunt_megastairs_5
Lair:2:   layout_gridlike, uniq_sonja
Lair:3:   layout_regular_city, nicolae_swamp_entry_splash_gauntlet,
          nicolae_spider_entry_non_spiders, minivault_11,
          cheibrodos_lair_caveside_slide, minmay_holes
Lair:4:   layout_small_grid, lemuel_fruit_tree, lemuel_fruit_fields, uniq_maggie
Lair:5:   layout_concentric_octagons, lemuel_fruit_fields
Lair:6:   minmay_lair_end_enchanted_forest, layout_regular_city,
          nicolae_slime_entry_slimehenge, uniq_nessos, uniq_kirke
Swamp:1:  layout_falls_marsh, nicolae_swamp_fairy_circle, swamp_pool1,
          nicolae_swamp_hydra_murder_den
Swamp:2:  layout_falls_marsh, infiniplex_staircase_pool
Swamp:3:  layout_basic_swamp, hangedman_swamp_cone, swamp_pool1
Swamp:4:  swamp_alternative, layout_basic_swamp, swamp_pool4
Spider:1: layout_spider_delve
Spider:2: layout_chambers
Spider:3: layout_spider_delve, nicolae_looking_at_the_future
Spider:4: grunt_spider_rune_parallel, portal_ice_cave_entry_ice_statue_two,
          nicolae_spider_webs_and_nodes
Slime:1:  layout_caves
Slime:2:  layout_caves
Slime:3:  layout_caves
Slime:4:  layout_caves
Slime:5
Orc:1:    layout_caves, basic_altar, uniq_snorg, uniq_nergalle
Orc:2:    grunt_orc_community_town_hall, layout_caves,
          grunt_orc_community_big_house_1, grunt_orc_community_big_house_1,
          grunt_orc_community_house_1, grunt_orc_community_house_1,
          grunt_orc_community_house_2, grunt_orc_community_house_1,
          grunt_orc_community_house_3, grunt_orc_community_house_1, basic_altar,
          serial_shops, nicolae_shop_behind_doors
Elf:1:    eino_elf_arrival_customs, layout_gridlike, orc_legates,
          columned_hall_lemuel
Elf:2:    layout_geoelf_grid
Elf:3:    grunt_elf_hall_diamonds, layout_loops_cross, uniq_asterion
Vaults:1: grunt_vaults_twisty, v_misc_14, ontoclasm_vaults_ring_small,
          nicolae_vaults_little_squares_6, vaults_room_door_ring,
          ontoclasm_vaults_hangar, nicolae_vaults_diagonal_hallway_6,
          nicolae_vaults_mini_display_case, hangedman_vaults_trim,
          vaults_room_semicircle, nicolae_vaults_ring_of_whatevers,
          nicolae_vaults_branching_niches, layout_vaults_omnicross, serial_glass
Vaults:2: nicolae_vaults_circle_grid_a, ontoclasm_vaults_bender,
          ontoclasm_vaults_pinch, ontoclasm_vaults_decontamination,
          hangedman_vaults_locks, nicolae_vaults_c_with_doors, v_misc_17,
          layout_vaults_omnigrid, minmay_crypt_entry_nasty_monster,
          uniq_margery, uniq_donald
Vaults:3: hangedman_vaults_snaps, dpeg_vaults_pockets_of_resistance,
          vaults_room_fancy_cross, v_misc_17, vaults_room_pool,
          nicolae_vaults_border_crossing, nicolae_vaults_little_squares_1,
          vaults_dpeg_ring, vaults_dpeg_hooks, layout_vaults_omnibox
Vaults:4: v_rooms_3, vaults_standard_mumra_lines, grunt_vaults_trifunnel,
          vaults_room_guarded_vault, nicolae_vaults_network_barrier,
          vaults_room_large_hall, v_alt_pattern_4,
          nicolae_vaults_three_branches, v_misc_4, nicolae_vaults_shelves_hall,
          nicolae_vaults_little_squares_1, nicolae_vaults_rhombus_7,
          layout_vaults_chaotic_city, serial_shops, nicolae_shop_behind_doors,
          uniq_sojobo, uniq_frederick
Vaults:5
Crypt:1:  minmay_shadows, layout_chaotic_city, grunt_ministairs_1,
          grunt_crypt_arrival_split, roderic_lattice_octagonal_star
Crypt:2:  layout_chaotic_city, grunt_megastairs_2, uniq_bai_suzhen
Crypt:3:  evilmike_haunted_forest
Tomb:1
Tomb:2
Tomb:3
Depths:1: layout_roguey, kennysheep_boxes, hell_entry, abyss_entry,
          nrook_campfire, serial_bayou_lake_a
Depths:2: hangedman_spin_cycle, hell_entry, abyss_entry
Depths:3: cheibrodos_salmonella, layout_small_grid, enter_ziggurat_f,
          chequers_serial_rivers_large_a, rand_demon_pan_entry_8,
          grunt_hell_entry_dis_mu, glass_columns_c, minmay_staircase_statues,
          firewood_loft
Depths:4: minmay_the_grid_3x3 [minmay_the_grid_artifice, minmay_the_grid_mess,
          minmay_the_grid_diamond_grid, minmay_the_grid_stretched_grid,
          minmay_the_grid_airy, minmay_the_grid_broken_lines,
          minmay_the_grid_minigrid_large, minmay_the_grid_holed_spiral,
          minmay_the_grid_prize_shrinking_boxes], layout_cave_shapes,
          old_standard_altar, pf_vacation_house_of_asmodeus, serial_shops,
          nicolae_shop_competitors_out_of_business, shop, shop, shop, pan_entry,
          nicolae_abyss_entry_one_way_or_another, uniq_mennas
Depths:5: evilmike_zot_entry_diamond, layout_cave_pools, minivault_14,
          hell_entry, abyss_entry_crystal, minmay_shop_grove, uniq_boris,
          uniq_xtahua
Hell
Dis:1:    layout_subdivisions
Dis:2:    layout_jigsaw
Dis:3:    layout_overlapping_boxes, nicolae_dis_strange_trophy_room
Dis:4:    layout_subdivisions
Dis:5:    layout_subdivisions
Dis:6:    layout_gridville, grunt_dis_stairs_iron_hall
Dis:7:    dis_hangedman
Geh:1:    minmay_firetagon, layout_gehenna_lava_caves
Geh:2:    layout_gehenna_lava_caves
Geh:3:    layout_gehenna_pools_basic
Geh:4:    layout_gehenna_lava_caves
Geh:5:    layout_gehenna_pools_triple, lemuel_flamethrower_3
Geh:6:    layout_gehenna_pools_triple
Geh:7:    geh_grunt
Coc:1:    layout_cocytus_water_paths
Coc:2:    layout_cocytus_water_paths
Coc:3:    layout_ice_bergs
Coc:5:    layout_cocytus_water_paths, lemuel_elevator
Coc:6:    layout_ice_bergs
Coc:7:    coc_old
Tar:1:    layout_grid_maze
Tar:2:    layout_honeycomb, lemuel_elevator
Tar:3:    layout_grid_maze
Tar:4:    layout_honeycomb
Tar:5:    layout_grid_maze
Tar:6:    layout_catacombs, evilmike_ambush [evilmike_ambush_outer_basic,
          evilmike_ambush_inner_basic]
Tar:7:    tar_grunt_cathedral
Zot:1:    layout_basic
Zot:2:    layout_basic
Zot:3:    layout_basic
Zot:4:    layout_concentric_octagons
Zot:5:    layout_twisted_circle

Skill      XL: |  1  2  3  4  5  6  7  8  9 10 11 12 13 14 15 16 17 18 19 20 21 22 23 24 25 26 27 |
---------------+----------------------------------------------------------------------------------+-----
Fighting       | 2 3 4 7 9 11 12 13 14 15 17 18 19 27 | 27.0
Armour         | 1 2 4 9 12 13 14 15 16 27 | 27.0
Dodging        | 4 5 6 9 11 13 14 15 16 17 18 20 21 22 27 | 27.0
Unarmed Combat | 4 5 6 |  6.8
Long Blades    | 6 10 13 16 17 18 19 20 27 | 27.0
Shields        | 2 4 10 14 15 16 17 18 27 | 27.0
Hexes          | 6 12 16 20 22 23 24 27 | 27.0
Earth Magic    | 3 4 24 | 24.9
Stealth        | 2 10 27 | 27.0
Charms         | 6 27 | 27.0
Air Magic      | 27 | 27.0
Spellcasting   | 27 | 27.0
Transmutations | 27 | 27.0
Poison Magic   | 19 | 19.5
Translocations | 19 | 19.6
Summonings     | 27 | 27.0
Fire Magic     | 27 | 27.0
Conjurations   | 27 | 27.0
Throwing       | |  1.5

Action                   |  1- 3 |  4- 6 |  7- 9 | 10-12 | 13-15 | 16-18 | 19-21 | 22-24 | 25-27 || total
-------------------------+-------+-------+-------+-------+-------+-------+-------+-------+-------++-------
Melee: Unarmed           |    95 |   267 |   126 |     5 |    13 |       |       |       |       ||   506
       Bite              |     9 |    24 |    34 |    36 |   144 |   230 |   166 |   174 |  1512 ||  2329
       Punch             |     1 |     2 |    12 |    12 |    14 |       |       |       |       ||    41
       Double sword      |       |       |   166 |   291 |   868 |  1150 |   885 |   977 |  9687 || 14024
       Scimitar          |       |       |       |       |    12 |       |       |       |       ||    12
       Demon blade       |       |       |       |       |       |    49 |       |       |    12 ||    61
       Headbutt          |       |       |       |       |       |       |       |       |   222 ||   222
Throw: Throwing net      |       |     2 |       |     2 |     1 |       |       |       |       ||     5
 Cast: Leda's Liquefacti |       |       |       |       |       |       |    13 |    16 |   180 ||   209
       Silence           |       |       |       |       |       |       |       |     3 |     1 ||     4
       Spectral Weapon   |       |       |       |       |       |       |       |       |     1 ||     1
       Song of Slaying   |       |       |       |       |       |       |       |       |   144 ||   144
       Discord           |       |       |       |       |       |       |       |       |    95 ||    95
       Darkness          |       |       |       |       |       |       |       |       |    76 ||    76
       Tornado           |       |       |       |       |       |       |       |       |    57 ||    57
       Deflect Missiles  |       |       |       |       |       |       |       |       |    13 ||    13
       Invisibility      |       |       |       |       |       |       |       |       |     8 ||     8
       Eringya's Noxious |       |       |       |       |       |       |       |       |     8 ||     8
       Dragon's Call     |       |       |       |       |       |       |       |       |     7 ||     7
       Fire Storm        |       |       |       |       |       |       |       |       |     5 ||     5
       Ring of Flames    |       |       |       |       |       |       |       |       |     4 ||     4
       Passage of Golubr |       |       |       |       |       |       |       |       |     4 ||     4
       Swiftness         |       |       |       |       |       |       |       |       |     1 ||     1
       Aura of Abjuratio |       |       |       |       |       |       |       |       |     1 ||     1
Invok: Lunge             |       |     5 |    18 |    47 |   129 |   111 |   110 |   117 |  1639 ||  2176
       Whirlwind         |       |       |    18 |    55 |   156 |   342 |   348 |   300 |  4198 ||  5417
       Serpent's Lash    |       |       |       |     1 |     1 |     2 |     2 |     5 |    42 ||    53
       Heavenly Storm    |       |       |       |       |       |     2 |     2 |     4 |    47 ||    55
 Abil: Exsanguinate      |       |       |       |       |     1 |       |       |     1 |     2 ||     4
       Wall Jump         |       |       |       |       |       |     2 |     1 |     3 |    19 ||    25
       Revivify          |       |       |       |       |       |     1 |       |     1 |     1 ||     3
       Evoke Flight      |       |       |       |       |       |       |       |     1 |       ||     1
Evoke: Wand              |       |     2 |     1 |    23 |     3 |     3 |       |       |    22 ||    54
       Lamp of fire      |       |       |       |     1 |       |       |       |       |       ||     1
       Phantom mirror    |       |       |       |       |       |       |       |     2 |     1 ||     3
       Figurine of a zig |       |       |       |       |       |       |       |       |     3 ||     3
  Use: Scroll            |     6 |     3 |     9 |     8 |    15 |    14 |    14 |    14 |   175 ||   258
       Potion            |       |       |     5 |     1 |     2 |     2 |     8 |     2 |   216 ||   236
 Stab: Paralysed         |     1 |     7 |       |       |       |       |       |       |       ||     8
       Sleeping          |       |     1 |       |     2 |    12 |     8 |     7 |     1 |   203 ||   234
       Held in net/web   |       |     1 |       |     2 |       |     3 |       |       |       ||     6
       Distracted        |       |       |       |       |     1 |     2 |     1 |     2 |   233 ||   239
       Invisible         |       |       |       |       |       |       |     3 |       |     9 ||    12
Armor: Leather armour    |    22 |    56 |   106 |    28 |    72 |   132 |    52 |     2 |       ||   470
       Ring mail         |       |       |    47 |     4 |       |       |       |     5 |       ||    56
       Troll leather arm |       |       |       |    15 |       |       |       |       |       ||    15
       Quicksilver drago |       |       |       |       |       |       |       |    73 |    37 ||   110
       Shadow dragon sca |       |       |       |       |       |       |       |       |   569 ||   569
       Pearl dragon scal |       |       |       |       |       |       |       |       |   122 ||   122
Dodge: Dodged            |    62 |   189 |   340 |   163 |   421 |   619 |   263 |   342 |  2982 ||  5381
       Deflected         |       |       |     1 |       |       |       |       |       |    83 ||    84
Block: Buckler           |       |       |       |       |   191 |   274 |       |       |       ||   465
       Reflection        |       |       |       |       |     8 |    20 |    64 |    60 |   387 ||   539
       Shield            |       |       |       |       |       |   338 |   423 |   415 |  2474 ||  3650
       Other             |       |       |       |       |       |     3 |       |       |       ||     3
       Large shield      |       |       |       |       |       |       |       |       |  3005 ||  3005
       Rpst.: Double sword |       |       |    31 |    26 |    94 |    94 |    40 |    48 |   389 ||   722
       Scimitar          |       |       |       |       |     1 |       |       |       |       ||     1
       Demon blade       |       |       |       |       |       |     5 |       |       |     4 ||     9

Table legend:
 A = Non-vault XP
 B = Vault XP
 C = Vault XP percentage of total XP
 D = Non-vault monster count
 E = Vault monster count
 F = Vault count percentage of total count
                 A         B        C        D         E       F
            +---------+---------+-------+---------+---------+-------
      Total | 6896546 | 2019199 |  22.6 |    9522 |    2032 |  17.6
            +---------+---------+-------+---------+---------+-------
        D:1 |      26 |       0 |   0.0 |      17 |       0 |   0.0
        D:2 |     105 |      50 |  32.3 |      21 |       4 |  16.0
        D:3 |      94 |       1 |   1.1 |      21 |       1 |   4.5
        D:4 |     142 |       0 |   0.0 |      14 |       0 |   0.0
        D:5 |     437 |     606 |  58.1 |      15 |      20 |  57.1
        D:6 |     763 |      40 |   5.0 |      21 |       1 |   4.5
        D:7 |     706 |       0 |   0.0 |      18 |       0 |   0.0
        D:8 |     336 |      13 |   3.7 |      16 |       1 |   5.9
        D:9 |    2341 |     551 |  19.1 |      49 |       7 |  12.5
       D:10 |    1625 |    1419 |  46.6 |      15 |       2 |  11.8
       D:11 |    5070 |    1764 |  25.8 |      35 |      29 |  45.3
       D:12 |    6079 |    5483 |  47.4 |      28 |      11 |  28.2
       D:13 |   10402 |    8506 |  45.0 |      34 |      26 |  43.3
       D:14 |    8346 |       0 |   0.0 |      29 |       0 |   0.0
       D:15 |   11278 |    3147 |  21.8 |      26 |       4 |  13.3
     Lair:1 |    3253 |     244 |   7.0 |      12 |       2 |  14.3
     Lair:2 |    3109 |     802 |  20.5 |      10 |       1 |   9.1
     Lair:3 |    6546 |    1123 |  14.6 |      23 |      12 |  34.3
     Lair:4 |    6971 |     365 |   5.0 |      28 |       1 |   3.4
     Lair:5 |    6067 |       0 |   0.0 |      28 |       0 |   0.0
     Lair:6 |    5950 |   12002 |  66.9 |      19 |      56 |  74.7
    Swamp:1 |    5774 |     920 |  13.7 |      22 |       1 |   4.3
    Swamp:2 |    8396 |       0 |   0.0 |      23 |       0 |   0.0
    Swamp:3 |   17703 |    1651 |   8.5 |      42 |       2 |   4.5
    Swamp:4 |   17029 |   14270 |  45.6 |      40 |      22 |  35.5
   Spider:1 |   15987 |       0 |   0.0 |      46 |       0 |   0.0
   Spider:2 |    8511 |       0 |   0.0 |      25 |       0 |   0.0
   Spider:3 |    5486 |    1881 |  25.5 |      20 |      15 |  42.9
   Spider:4 |   14571 |   27349 |  65.2 |      37 |      52 |  58.4
    Slime:1 |    2031 |       0 |   0.0 |       1 |       0 |   0.0
    Slime:4 |    4509 |       0 |   0.0 |       2 |       0 |   0.0
    Slime:5 |   22820 |   33375 |  59.4 |      30 |      16 |  34.8
      Orc:1 |    3812 |    1934 |  33.7 |      29 |       2 |   6.5
      Orc:2 |    3614 |    7290 |  66.9 |      27 |      68 |  71.6
      Elf:1 |   14508 |   18733 |  56.4 |      24 |      36 |  60.0
      Elf:2 |    4143 |   22349 |  84.4 |       7 |      27 |  79.4
      Elf:3 |   22459 |   47500 |  67.9 |      34 |      30 |  46.9
   Vaults:1 |   28391 |   26131 |  47.9 |      53 |      48 |  47.5
   Vaults:2 |   31724 |   25222 |  44.3 |      49 |      25 |  33.8
   Vaults:3 |    8342 |   32660 |  79.7 |      14 |      37 |  72.5
   Vaults:4 |   26587 |   56184 |  67.9 |      43 |      50 |  53.8
   Vaults:5 |   30309 |  126803 |  80.7 |      38 |      91 |  70.5
    Crypt:1 |   30728 |   11334 |  26.9 |      43 |      26 |  37.7
    Crypt:2 |   31548 |   10874 |  25.6 |      44 |       9 |  17.0
    Crypt:3 |       0 |   79162 | 100.0 |       0 |     126 | 100.0
     Tomb:1 |   14466 |  173870 |  92.3 |      28 |      53 |  65.4
     Tomb:2 |   20644 |   60794 |  74.7 |      32 |      47 |  59.5
     Tomb:3 |   13141 |   93692 |  87.7 |      31 |      67 |  68.4
   Depths:1 |   28734 |       0 |   0.0 |      41 |       0 |   0.0
   Depths:2 |       0 |   69435 | 100.0 |       0 |      90 | 100.0
   Depths:3 |   30033 |   32540 |  52.0 |      33 |      22 |  40.0
   Depths:4 |   39624 |   49745 |  55.7 |      41 |      30 |  42.3
   Depths:5 |   40431 |   22639 |  35.9 |      45 |       9 |  16.7
       Hell |   15467 |   31145 |  66.8 |      17 |      58 |  77.3
      Dis:1 |   22739 |       0 |   0.0 |      36 |       0 |   0.0
      Dis:2 |    6213 |       0 |   0.0 |       7 |       0 |   0.0
      Dis:3 |   40190 |       0 |   0.0 |      50 |       0 |   0.0
      Dis:5 |    4065 |       0 |   0.0 |       6 |       0 |   0.0
      Dis:6 |   44978 |   18740 |  29.4 |      48 |      29 |  37.7
      Dis:7 |    6283 |  102272 |  94.2 |       9 |      85 |  90.4
      Geh:2 |   34258 |       0 |   0.0 |      62 |       0 |   0.0
      Geh:3 |   19722 |       0 |   0.0 |      45 |       0 |   0.0
      Geh:4 |    1340 |       0 |   0.0 |       6 |       0 |   0.0
      Geh:5 |    3398 |       0 |   0.0 |      12 |       0 |   0.0
      Geh:6 |   10885 |       0 |   0.0 |      20 |       0 |   0.0
      Geh:7 |   12932 |   68031 |  84.0 |      45 |      42 |  48.3
      Coc:1 |   48841 |       0 |   0.0 |      85 |       0 |   0.0
      Coc:2 |    7644 |       0 |   0.0 |       9 |       0 |   0.0
      Coc:3 |   21825 |       0 |   0.0 |      40 |       0 |   0.0
      Coc:5 |   40054 |       0 |   0.0 |      38 |       0 |   0.0
      Coc:6 |   13638 |       0 |   0.0 |      29 |       0 |   0.0
      Coc:7 |   61480 |   60538 |  49.6 |      64 |      40 |  38.5
      Tar:1 |    5935 |       0 |   0.0 |      11 |       0 |   0.0
      Tar:2 |   12480 |       0 |   0.0 |      20 |       0 |   0.0
      Tar:3 |   20661 |       0 |   0.0 |      41 |       0 |   0.0
      Tar:4 |     204 |       0 |   0.0 |       1 |       0 |   0.0
      Tar:5 |   24722 |       0 |   0.0 |      41 |       0 |   0.0
      Tar:7 |   47233 |  105090 |  69.0 |      67 |      54 |  44.6
      Zot:1 |   34354 |       0 |   0.0 |      20 |       0 |   0.0
      Zot:2 |   73449 |       0 |   0.0 |      42 |       0 |   0.0
      Zot:3 |       0 |       0 |   N/A |      20 |       0 |   0.0
      Zot:4 |       0 |       0 |   N/A |      29 |       0 |   0.0
      Zot:5 |       0 |       0 |   N/A |      23 |      40 |  63.5
    Abyss:1 |  123039 |    4276 |   3.4 |     132 |       4 |   2.9
    Abyss:2 |   19313 |       0 |   0.0 |      32 |       0 |   0.0
    Abyss:3 |    6125 |       0 |   0.0 |      15 |       0 |   0.0
    Abyss:4 |  114058 |    8168 |   6.7 |     207 |      10 |   4.6
    Abyss:5 |   13964 |    9210 |  39.7 |      24 |       7 |  22.6
        Pan |  475518 |  478969 |  50.2 |     587 |     332 |  36.1
      Zig:1 |   10936 |    2438 |  18.2 |      16 |       4 |  20.0
      Zig:2 |   23448 |    2334 |   9.1 |      22 |       4 |  15.4
      Zig:3 |   46258 |       0 |   0.0 |      24 |       0 |   0.0
      Zig:4 |   31088 |    4407 |  12.4 |      63 |       8 |  11.3
      Zig:5 |   56516 |       0 |   0.0 |      57 |       0 |   0.0
      Zig:6 |   52306 |       0 |   0.0 |      65 |       0 |   0.0
      Zig:7 |   86913 |    2119 |   2.4 |      88 |       4 |   4.3
      Zig:8 |  121391 |       0 |   0.0 |      89 |       0 |   0.0
      Zig:9 |  141258 |       0 |   0.0 |     101 |       0 |   0.0
     Zig:10 |   98848 |       0 |   0.0 |     124 |       0 |   0.0
     Zig:11 |  118514 |       0 |   0.0 |     125 |       0 |   0.0
     Zig:12 |  156071 |    2029 |   1.3 |     185 |       4 |   2.1
     Zig:13 |  175923 |    1971 |   1.1 |     202 |       4 |   1.9
     Zig:14 |  187955 |     647 |   0.3 |     200 |       4 |   2.0
     Zig:15 |  145680 |       0 |   0.0 |     179 |       0 |   0.0
     Zig:16 |  163774 |       0 |   0.0 |     227 |       0 |   0.0
     Zig:17 |  212907 |    3405 |   1.6 |     266 |       4 |   1.5
     Zig:18 |  174472 |       0 |   0.0 |     310 |       0 |   0.0
     Zig:19 |  225245 |    2299 |   1.0 |     296 |       4 |   1.3
     Zig:20 |  245648 |    1914 |   0.8 |     320 |       4 |   1.2
     Zig:21 |  183772 |       0 |   0.0 |     387 |       0 |   0.0
     Zig:22 |  317446 |       0 |   0.0 |     361 |       4 |   1.1
     Zig:23 |  265096 |    6583 |   2.4 |     510 |      12 |   2.3
     Zig:24 |  381202 |    3874 |   1.0 |     487 |       7 |   1.4
     Zig:25 |  353390 |    1990 |   0.6 |     480 |       7 |   1.4
     Zig:26 |  521126 |       0 |   0.0 |     429 |       0 |   0.0
     Zig:27 |  386655 |    2346 |   0.6 |     546 |       4 |   0.7
    Ossuary |       0 |     174 | 100.0 |       0 |      16 | 100.0
      IceCv |       0 |    9777 | 100.0 |       0 |      58 | 100.0
            +---------+---------+-------+---------+---------+-------
